 Dungeon Crawl Stone Soup version 0.30-a0-986-g7f2e898f52 (webtiles) character file.

Game seed: 17491010085350483136

6172346 Ge0ff the Lightweight Champion (level 27, 184/184 HPs)
             Began as a Deep Elf Fighter on Mar 31, 2023.
             Was the Champion of Ashenzari.
             Escaped with the Orb
             ... and 10 runes on Apr 1, 2023!
             The game lasted 06:20:45 (127163 turns).

Ge0ff the Lightweight Champion (Deep Elf Fighter) Turns: 127163, Time: 06:20:45

Health: 184/184    AC: 24    Str: 17    XL:     27
Magic:  69/69      EV: 14    Int: 43    God:    Ashenzari [******]
Gold:   3291       SH: 17    Dex:  7    Spells: 1/78 levels left

rFire   + + +      SeeInvis +    a - +8 rapier "Scepticism of Ashenzari" {speed, Comp, Self} (curse)
rCold   + . .      Faith    .    Y - +5 kite shield "Lashed Together" {reflect, Melee, Fort} (curse)
rNeg    + + .      Spirit   +    Q - +4 moon troll leather armour {Spirit, Regen++ MP+5, Self, Alch} (curse)
rPois   +          Reflect  +    x - +0 helmet "Astrological Dismay" {rF+ Int+5 Dex-5, Alch, Cun} (curse)
rElec   .          Rampage  .    D - +2 cloak of the Lashed Moon {rPois, Elem, Evo} (curse)
rCorr   .          Clarity  +    L - +2 pair of gloves of the Unyielding Gaze {rF+++ Dex-4 Slay+4 Stlth+, Evo, Fort} (curse)
Will    ++++.                    i - +2 pair of boots "Restrained Together" {Cun, Elem} (curse)
Stlth   ++                       Z - macabre finger necklace {Finger+ rN+, Self, Bglg} (curse)
HPRegen 2.10/turn                r - ring "Unveiling Inconvenience" {rN+ Will++ Str+2 Int+6 Dex+2, Fort, Elem} (curse)
MPRegen 0.41/turn                p - ring of Star-Bound Wisdom {Wiz, Elem, Fort} (curse)
                                 A - ring of Cremastomancy {Fly rC+ MP+9 Int+6, Evo, Bglg} (curse)

@: flying, studying 3 skills
A: clarity, screaming 1, wild magic 1
0: Orb of Zot
}: 10/15 runes: decaying, slimy, silver, abyssal, demonic, glowing, magical,
fiery, dark, gossamer
a: Renounce Religion, Shatter the Chains


You escaped.
You worshipped Ashenzari.
Ashenzari was exalted by your worship.
You visited 14 branches of the dungeon, and saw 58 of its levels.
You visited Pandemonium 6 times, and saw 18 of its levels.
You visited the Abyss 15 times.
You visited 1 bazaar.
You visited 1 ziggurat, and saw 15 of its levels.
You also visited: Ossuary, Ice Cave and Volcano.

You collected 11982 gold pieces.
You spent 8691 gold pieces at shops.

Inventory:

Hand Weapons
 a - the cursed +8 rapier "Scepticism of Ashenzari" (weapon) {speed, Comp, Self}
   (You acquired it on level 1 of the Vaults)

   It has a curse which improves the following skills: Companions: Summonings
   and Necromancy.
   Introspection: Fighting and Spellcasting.
 b - the +8 Vampire's Tooth {megavamp}
   (You found it on level 12 of a ziggurat)
Missiles
 g - 2 throwing nets {=F}
 v - 13 curare-tipped darts {=F}
 X - 26 atropa-tipped darts
Armour
 i - the cursed +2 pair of boots "Restrained Together" (worn) {Cun, Elem}
   (You found it on level 3 of the Dungeon)

   It has a curse which improves the following skills: Cunning: Dodging and
   Stealth.
   Elements:  Fire Magic, Ice Magic, Air Magic and Earth Magic.
 x - the cursed +0 helmet "Astrological Dismay" (worn) {rF+ Int+5 Dex-5, Alch, Cun}
   (You acquired it on level 4 of the Swamp)

   Int:       It affects your intelligence (+5).
   Dex:       It affects your dexterity (-5).
   rF:        It protects you from fire.
   It has a curse which improves the following skills: Alchemy: Poison Magic and
   Transmutations.
   Cunning:   Dodging and Stealth.
 D - the cursed +2 cloak of the Lashed Moon (worn) {rPois, Elem, Evo}
   (You found it on level 3 of the Elven Halls)

   It has a curse which improves the following skills: Elements: Fire Magic, Ice
   Magic, Air Magic and Earth Magic.
   Evocations: Evocations.
 L - the cursed +2 pair of gloves of the Unyielding Gaze (worn) {rF+++ Dex-4 Slay+4 Stlth+, Evo, Fort}
   (You found it in Pandemonium)

   Dex:       It affects your dexterity (-4).
   Slay:      It affects your accuracy & damage with ranged weapons and melee
   (+4).
   rF:        It renders you almost immune to fire.
   Stlth:     It makes you more stealthy.
   It has a curse which improves the following skills: Evocations: Evocations.
   Fortitude: Armour and Shields.
 Q - the cursed +4 moon troll leather armour (worn) {Spirit, Regen++ MP+5, Self, Alch}
   (You bought it in a shop on level 3 of the Vaults)

   MP:        It affects your magic capacity (+5).
   Regen:     It increases your rate of health regeneration.
   It has a curse which improves the following skills: Introspection: Fighting
   and Spellcasting.
   Alchemy:   Poison Magic and Transmutations.
 Y - the cursed +5 kite shield "Lashed Together" (worn) {reflect, Melee, Fort}
   (You took it off Donald on level 1 of the Crypt)

   It has a curse which improves the following skills: Melee Combat: Short
   Blades, Long Blades, Axes, Maces & Flails, Polearms, Staves and Unarmed
   Combat.
   Fortitude: Armour and Shields.
Magical Staves
 S - the staff of earth "Pugus" {Drain Str+5}
   (You found it in Pandemonium)

   [staff of earth]

   Base accuracy: +5 Base damage: 5 Base attack delay: 1.2 This weapon's minimum
   attack delay (0.6) is reached at skill level 12.
   Str:       It affects your strength (+5).
   Drain:     It drains your maximum health when unequipped.
   It falls into the 'Staves' category.
   It is a one-handed weapon.
Jewellery
 p - the cursed ring of Star-Bound Wisdom (right hand) {Wiz, Elem, Fort}
   (You bought it in a shop on level 2 of the Orcish Mines)

   [ring of wizardry]

   It improves your spell success rate.
   It has a curse which improves the following skills: Elements: Fire Magic, Ice
   Magic, Air Magic and Earth Magic.
   Fortitude: Armour and Shields.
 r - the cursed ring "Unveiling Inconvenience" (left hand) {rN+ Will++ Str+2 Int+6 Dex+2, Fort, Elem}
   (You found it on level 4 of the Depths)

   [ring of intelligence]

   Str:       It affects your strength (+2).
   Int:       It affects your intelligence (+6).
   Dex:       It affects your dexterity (+2).
   rN:        It protects you from negative energy.
   Will:      It greatly increases your willpower.
   It has a curse which improves the following skills: Fortitude: Armour and
   Shields.
   Elements:  Fire Magic, Ice Magic, Air Magic and Earth Magic.
 w - the ring of Fezoffuq {+Blink MP+9}
   (You took it off a balrug in Pandemonium)

   [ring of magical power]

   MP:        It affects your magic capacity (+9).
   +Blink:    It lets you blink.
 A - the cursed ring of Cremastomancy (on amulet) {Fly rC+ MP+9 Int+6, Evo, Bglg}
   (You found it on level 5 of the Pits of Slime)

   [ring of intelligence]

   Int:       It affects your intelligence (+6).
   rC:        It protects you from cold.
   MP:        It affects your magic capacity (+9).
   Fly:       It grants you flight.
   It has a curse which improves the following skills: Evocations: Evocations.
   Beguiling: Conjurations, Hexes and Translocations.
 Z - the cursed macabre finger necklace (around neck) {Finger+ rN+, Self, Bglg}
   (You took it off a deep elf demonologist on level 3 of the Elven Halls)

   [amulet of nothing]

   Finger+:   It enables you to equip an extra ring.
   rN:        It protects you from negative energy.
   It has a curse which improves the following skills: Introspection: Fighting
   and Spellcasting.
   Beguiling: Conjurations, Hexes and Translocations.
Wands
 d - a wand of digging (11)
 e - a wand of charming (29)
 j - a wand of acid (22)
 k - a wand of iceblast (57)
 s - a wand of mindburst (23)
 P - a wand of polymorph (29)
Scrolls
 f - 5 scrolls of butterflies
 h - 9 scrolls of enchant armour
 m - 12 scrolls of magic mapping
 y - 17 scrolls of immolation
 B - 7 scrolls of blinking
 C - 10 scrolls of poison
 E - 8 scrolls of fear
 F - 7 scrolls of fog
 J - 6 scrolls of silence {!r}
 T - 34 scrolls of teleportation
 V - 17 scrolls of vulnerability
Potions
 o - 12 potions of ambrosia
 q - 41 potions of curing
 u - 12 potions of mutation {!q}
 z - 7 potions of brilliance
 H - 3 potions of haste {!q}
 I - 5 potions of invisibility
 K - 5 potions of magic {!q}
 M - 15 potions of might
 N - 17 potions of cancellation {!q}
 R - 12 potions of resistance
 W - 19 potions of heal wounds {!q}
Miscellaneous
 c - a condenser vane
 l - a lightning rod (4/4)
 n - a phial of floods
 t - a tin of tremorstones (2/2)
 G - the horn of Geryon
 O - a box of beasts
 U - a phantom mirror


   Skills:
 + Level 17.8(22.3) Fighting
 - Level 9.2(11.7) Short Blades
 - Level 3.7 Throwing
 - Level 12.3(18.0) Armour
 - Level 10.4(14.0) Dodging
 + Level 10.4(14.0) Stealth
 - Level 10.3(16.0) Shields
 O Level 27 Unarmed Combat
 + Level 22.1(26.3) Spellcasting
 - Level 19.7(23.0) Conjurations
 - Level 21.7(24.9) Hexes
 - Level 8.4(11.0) Summonings
 - Level 9.8(12.3) Necromancy
 - Level 7.3(10.9) Translocations
 - Level 14.3(17.8) Transmutations
 - Level 8.5(14.1) Ice Magic
 - Level 17.5(23.0) Air Magic
 - Level 6.7(12.2) Earth Magic
 - Level 2.7(5.6) Poison Magic
 - Level 8.3(13.0) Evocations


You had one spell level left.
You knew the following spells:

 Your Spells              Type           Power      Damage    Failure   Level
a - Sublimation of Blood  Necr           100%       N/A       1%          2
d - Iskenderun's Mystic   Conj/Tloc      100%       2d19      1%          4
g - Apportation           Tloc           100%       N/A       1%          1
l - Chain Lightning       Conj/Air       73%        3d97      2%          9
m - Iron Shot             Conj/Erth      67%        9d12      1%          6
p - Passage of Golubria   Tloc           100%       N/A       1%          4
s - Spellforged Servitor  Conj/Summ      66%        N/A       1%          7
w - Passwall              Tmut/Erth      100%       N/A       1%          2
x - Maxwell's Capacitive  Air            73%        ∞         1%          8
y - Yara's Violent Unrav  Hex/Tmut       71%        3d26      1%          5
B - Blink                 Tloc           100%       N/A       1%          2
C - Enfeeble              Hex            75%        N/A       1%          7
E - Irradiate             Conj/Tmut      70%        3d35      1%          5
F - Discord               Hex            75%        N/A       1%          8
M - Malign Gateway        Summ/Tloc      57%        N/A       3%          7

Your spell library contained the following spells:

 Spells                   Type           Power      Damage    Failure   Level
 Beastly Appendage        Tmut           100%       N/A       1%          1
 Foxfire                  Conj/Fire      100%       2x1d6     1%          1
 Freeze                   Ice            100%       1d10      1%          1
 Magic Dart               Conj           100%       1d8       1%          1
 Sandblast                Erth           100%       2d20      1%          1
 Shock                    Conj/Air       100%       1d9       1%          1
 Slow                     Hex            100%       N/A       1%          1
 Summon Small Mammal      Summ           100%       N/A       1%          1
 Call Imp                 Summ           100%       N/A       1%          2
 Cigotuvi's Dreadful Rot  Necr/Pois/Air  100%       N/A       1%          2
 Ensorcelled Hibernation  Hex/Ice        100%       N/A       1%          2
 Lesser Beckoning         Tloc           100%       N/A       1%          2
 Momentum Strike          Conj/Tloc      100%       3d10      1%          2
 Poisonous Vapours        Pois/Air       100%       N/A       1%          2
 Searing Ray              Conj           100%       2d8       1%          2
 Wereblood                Tmut           100%       N/A       1%          2
 Call Canine Familiar     Summ           100%       N/A       1%          3
 Confusing Touch          Hex            100%       N/A       1%          3
 Dazzling Flash           Conj/Hex       100%       N/A       1%          3
 Frozen Ramparts          Ice            100%       1d16      1%          3
 Gell's Gravitas          Tloc           100%       N/A       1%          3
 Hailstorm                Conj/Ice       100%       3d20      1%          3
 Ignite Poison            Fire/Tmut/Pois 100%       N/A       1%          3
 Inner Flame              Hex/Fire       100%       N/A       1%          3
 Mephitic Cloud           Conj/Pois/Air  100%       N/A       1%          3
 Ozocubu's Armour         Ice            100%       N/A       1%          3
 Portal Projectile        Hex/Tloc       100%       N/A       1%          3
 Spider Form              Tmut/Pois      100%       N/A       1%          3
 Stone Arrow              Conj/Erth      100%       3d13      1%          3
 Summon Guardian Golem    Hex/Summ       100%       N/A       1%          3
 Teleport Other           Tloc           100%       N/A       1%          3
 Tukima's Dance           Hex            100%       N/A       1%          3
 Vampiric Draining        Necr           100%       2d13      1%          3
 Airstrike                Air            73%        2d(11-27) 1%          4
 Anguish                  Hex/Necr       68%        N/A       1%          4
 Animate Dead             Necr           100%       N/A       1%          4
 Cause Fear               Hex            75%        N/A       1%          4
 Dispel Undead            Necr           100%       3d31      1%          4
 Flame Wave               Conj/Fire      100%       2d21      1%          4
 Fulminant Prism          Conj/Hex       74%        3d30      1%          4
 Leda's Liquefaction      Hex/Erth       68%        N/A       1%          4
 Manifold Assault         Tloc           100%       N/A       1%          4
 Petrify                  Tmut/Erth      100%       N/A       1%          4
 Sticky Flame             Conj/Fire      100%       2d11      1%          4
 Summon Ice Beast         Ice/Summ       100%       N/A       1%          4
 Summon Lightning Spire   Summ/Air       100%       N/A       1%          4
 Agony                    Necr           100%       N/A       1%          5
 Alistair's Intoxication  Tmut/Pois      78%        N/A       1%          5
 Blade Hands              Tmut           67%        N/A       1%          5
 Borgnjor's Vile Clutch   Necr/Erth      59%        N/A       1%          5
 Fireball                 Conj/Fire      59%        3d23      1%          5
 Freezing Cloud           Conj/Ice/Air   69%        6-21      1%          5
 Iskenderun's Battlesphe  Conj           100%       2d15      1%          5
 Metabolic Englaciation   Hex/Ice        69%        N/A       1%          5
 Plasma Beam              Fire/Air       59%        2x1d54    1%          5
 Silence                  Hex/Air        74%        N/A       1%          5
 Summon Forest            Summ/Tloc      57%        N/A       1%          5
 Summon Mana Viper        Hex/Summ       100%       N/A       1%          5
 Conjure Ball Lightning   Conj/Air       73%        3x3d27    1%          6
 Death Channel            Necr           59%        N/A       1%          6
 Dispersal                Tloc           57%        N/A       1%          6
 Eringya's Noxious Bog    Tmut/Pois      58%        N/A       1%          6
 Simulacrum               Ice/Necr       61%        N/A       1%          6
 Starburst                Conj/Fire      59%        6d16      1%          6
 Summon Cactus Giant      Summ           57%        N/A       1%          6
 Dragon Form              Tmut           67%        N/A       1%          7
 Storm Form               Tmut/Air       70%        N/A       1%          7
 Lehudib's Crystal Spear  Conj/Erth      67%        10d15     1%          8
 Monstrous Menagerie      Summ           57%        N/A       3%          7
 Summon Hydra             Summ           57%        N/A       3%          7
 Necromutation            Tmut/Necr      63%        N/A       4%          8
 Borgnjor's Revivificati  Necr           59%        N/A       12%         8
 Disjunction              Tloc           57%        N/A       21%         8
 Summon Horrible Things   Summ           57%        N/A       21%         8
 Polar Vortex             Ice            62%        N/A       56%         9
 Death's Door             Necr           59%        N/A       82%         9
 Shatter                  Erth           59%        3d44*     82%         9
 Fire Storm               Conj/Fire      59%        8d15      85%         9
 Dragon's Call            Summ           57%        N/A       92%         9


Dungeon Overview and Level Annotations

Branches:
Dungeon (15/15)            Temple (1/1) D:6            Lair (5/5) D:9
  Swamp (4/4) Lair:2       Spider (4/4) Lair:3        Slime (5/5) Lair:4
    Orc (2/2) D:10            Elf (3/3) Orc:2        Vaults (5/5) D:13
  Crypt (3/3) Vaults:2       Tomb (1/3) Crypt:3      Depths (4/4) D:15
   Hell (visited)             Dis (0/7) Hell            Geh (0/7) Hell
    Coc (0/7) Hell            Tar (0/7) Hell            Zot (5/5) Depths:4
Ossuary (visited)           IceCv (visited)         Volcano (visited)

Altars:
Ashenzari
Cheibriados
Dithmenos
Elyvilon
Fedhas
Gozag
Hepliaklqana
Kikubaaqudgha
Makhleb
Nemelex Xobeh
Okawaru
Qazlal
Ru
Sif Muna
Trog
Uskayaw
Vehumet
Wu Jian
Xom
Yredelemnul
Zin
The Shining One

Shops:
D:3 [   D:4 (   Orc:2 ([=*   Elf:3 **   Vaults:3 [*!   Vaults:5 ?!?
Depths:1 [([*

Portals:
Hell: Depths:1 Depths:2 Depths:3 Depths:4
Abyss: Depths:3
Pandemonium: Depths:2


Innate Abilities, Weirdness & Mutations

You possess an exceptional clarity of mind.
You occasionally shout uncontrollably at your foes.
Your spells are a little harder to cast, but a little more powerful.


Message History

The bolt of lightning hits the orange demon!!!!!
You kill the orange demon!
The bolt of lightning hits you!
(D) Dungeon (T) Temple (L) Lair (S) Swamp (N) Spider Nest (M) Slime Pits (O) Orcish Mines (E) Elven Halls (V) Vaults (C) Crypt (W) Tomb (U) Depths (H) Hell (I) Dis (G) Gehenna (X) Cocytus (Y) Tartarus (Z) Zot
Where to? (Enter - D:1 @ (x,y), ? - help)
There is a stone staircase leading up here.
You fly upwards.
There is a stone staircase leading down here.
HP restored.
A Zenack and a large abomination come into view.
Blink to where?
Press: ? - help, Dir - move target
As you read the scroll of blinking, it crumbles to dust.
Zenack moves out of view.
The large abomination moves out of view.
A mysterious force pulls you upwards. The hatch slams shut behind you.
(D) Dungeon (T) Temple (L) Lair (S) Swamp (N) Spider Nest (M) Slime Pits (O) Orcish Mines (E) Elven Halls (V) Vaults (C) Crypt (W) Tomb (U) Depths (H) Hell (I) Dis (G) Gehenna (X) Cocytus (Y) Tartarus (Z) Zot
Where to? (Enter - D:1 @ (x,y), ? - help)
You sense a monster nearby.
There is a stone staircase leading up here.
You fly upwards.
There is a stone staircase leading down here.
(D) Dungeon (T) Temple (L) Lair (S) Swamp (N) Spider Nest (M) Slime Pits (O) Orcish Mines (E) Elven Halls (V) Vaults (C) Crypt (W) Tomb (U) Depths (H) Hell (I) Dis (G) Gehenna (X) Cocytus (Y) Tartarus (Z) Zot
Where to? (Enter - D:1 @ (x,y), ? - help)
There is a stone staircase leading up here.
You fly upwards.
There is a stone staircase leading down here.
Magic restored.
There is a stone staircase leading up here.
You fly upwards.
There is a stone staircase leading down here.
Magic restored.
There is a stone staircase leading up here.
You fly upwards.
There is a stone staircase leading down here.
There is an open gate here.
There is a staircase leading out of the dungeon here.
You have escaped!

##...##.♣♣P.P♣......~≈≈≈#
#'''#########♣.♣....~≈≈#
#...# #P......~≈≈# ##.###
#......~≈≈≈# .....#
#P.....~≈≈≈# .....#
#.......~≈≈# .....#
#♣♣.....≈≈≈# .....###
♣♣...♣≈≈≈# .......##
♣@P..♣≈≈≈# ........##
♣♣♣♣♣♣≈≈≈# .........#
♣♣♣≈# .........# ≈#
.#.......# ≈#
.##.....######
.#...........##
..............##
...............#


There were no monsters in sight!

Vanquished Creatures
  Cerebov (Pan)
  the Royal Jelly (Slime:5)
  Gloorx Vloq (Pan)
  Lom Lobon (Pan)
  2 seraphim
  Mnoleg (Pan)
  4 dread liches
  Mara (Spider:3)
  2 orbs of fire
  6 ancient liches
  2 juggernauts
  Bai Suzhen (Crypt:1)
  7 pandemonium lords
  7 Killer Klowns
  2 curse toes
  Jory (Vaults:3)
  Geryon (Hell)
  Nikola (Swamp:2)
  3 bone dragons
  Arachne (Spider:3)
  6 golden dragons
  2 pearl dragons (Pan)
  3 Tzitzimimeh
  An iron giant (Zig:5)
  3 electric golems (Zot:5)
  2 doom hounds (Hell)
  3 Brimstone Fiends
  Zenata (Vaults:3)
  4 hellephants
  Asterion (Spider:4)
  A walking crystal tome (Depths:1)
  23 Orb Guardians
  Mlioglotl (Swamp:2)
  19 tentacled monstrosities
  4 Ice Fiends
  A walking divine tome (Depths:1)
  3 Hell Sentinels
  9 titans
  Grunn (Crypt:1)
  22 acid blobs
  7 quicksilver dragons
  3 deep elf blademasters (Elf:3)
  2 deep elf master archers (Elf:3)
  2 searing wretches (Hell)
  9 sphinxes
  Frances (Spider:2)
  6 death cobs
  Agnes (Spider:3)
  6 tentacled starspawn
  31 Executioners
  2 ancient champions
  7 tengu reavers
  Donald (Crypt:1)
  20 daevas
  2 draconian monks
  7 rockslimes
  8 storm dragons
  11 revenants
  A fenstrider witch (Swamp:2)
  8 shadow dragons
  11 fire giants
  5 draconian scorchers
  5 demonspawn warmongers
  8 deep elf sorcerers
  2 quicksilver elementals (Zig:6)
  2 iron dragons (Zig:6)
  11 azure jellies
  9 vault wardens
  7 frost giants
  8 emperor scorpions
  A draconian stormcaller (Zot:2)
  A draconian knight (Zot:1)
  10 ghost moths
  Louise (Swamp:2)
  2 deep elf elementalists (Elf:3)
  17 balrugs
  2 draconian shifters
  34 angels
  13 cacodemons
  A spectral juggernaut (Crypt:3)
  3 spectral caustic shrikes (Crypt:3)
  4 ironbound preservers
  7 curse skulls
  4 draconian annihilators
  5 demonspawn corrupters
  12 reapers
  11 quicksilver oozes
  7 stone giants
  2 orc warlords
  8 very ugly things
  5 war gargoyles
  33 apis
  4 ironbound thunderhulks
  6 demonspawn blood saints
  3 deep elf demonologists (Elf:3)
  3 green draconians
  15 ophanim (Pan)
  5 eleionomae
  4 black draconians
  11 vampire knights
  6 demonspawn black suns
  12 lorocyprocas
  5 dire elephants
  13 deep elf annihilators
  3 purple draconians
  7 white draconians
  4 yellow draconians
  A red draconian (Zot:2)
  4 bunyips
  3 spark wasps
  The ghost of Winter the Carver, a journeyman MiFi of the Shining One (Lair:1)
  5 ettins
  13 eidola
  8 blizzard demons
  10 deep elf death magi
  A crystal guardian (Hell)
  10 green deaths
  9 fire dragons
  5 entropy weavers
  2 spectral spriggans (Crypt:3)
  4 spectral quicksilver dragons (Crypt:3)
  5 mummy priests (Tomb:1)
  An elf skeleton (Pan)
  9 great orbs of eyes
  6 deep elf high priests
  2 jiangshi
  8 yaktaur captains
  7 vault guards
  A salamander tyrant (Zig:1)
  8 ice dragons
  A spriggan air mage (Depths:2)
  10 hydras
  2 hell beasts
  3 rakshasas
  9 ghost crabs
  2 ogre magi
  3 catoblepae (Lair:5)
  An alligator snapping turtle (shapeshifter) (Zig:10)
  2 juggernaut simulacra
  A spriggan skeleton (Depths:2)
  5 ironbound frosthearts
  A jorogumo (Spider:4)
  A two-headed ogre (shapeshifter) (Zig:14)
  6 alligators
  5 boulder beetles
  A stoker (Hell)
  4 centaur warriors
  29 dancing weapons
  A two-headed ogre (D:11)
  A fenstrider witch skeleton (Pan)
  A deep troll earth mage (Depths:2)
  22 death yaks
  2 spriggan berserkers (Depths:2)
  6 hell hogs
  5 tengu warriors
  4 thrashing horrors
  A spectral storm dragon (Crypt:3)
  6 vampire magi
  2 hell knights
  A titan zombie (Hell)
  4 shock serpents
  6 deep elf knights
  6 holy swine (Pan)
  An orc high priest (Zig:12)
  9 spriggans
  36 sun demons
  12 iron trolls
  A storm dragon zombie (Depths:1)
  2 crystal echidnas
  2 titan skeletons
  27 soul eaters
  16 sixfirhies
  A spatial maelstrom (Abyss:5)
  A storm dragon skeleton (Tomb:1)
  5 wretched stars
  Lodul (D:10)
  An iron giant zombie (Crypt:3)
  7 goliath frogs
  14 shadow wraiths
  A fire crab (shapeshifter) (Abyss:4)
  3 orb spiders
  A sun moth (Spider:3)
  6 skeletal warriors
  18 cherubim
  10 deep trolls
  A skyshark (Lair:5)
  9 flayed ghosts (Crypt:3)
  A spectral anaconda (Crypt:3)
  An anaconda skeleton (Hell)
  3 steelbarb worms
  An orb spider (shapeshifter) (Vaults:5)
  5 bog bodies
  4 spriggan druids (Swamp:3)
  An anaconda zombie (Hell)
  2 glowing orange brains
  7 shadow demons
  3 spectral hydras (Swamp:4)
  A bunyip skeleton (Crypt:1)
  A bunyip zombie (Tomb:1)
  8 phantasmal warriors
  7 orc knights
  A spectral iron dragon (Crypt:3)
  14 wizards
  A spriggan simulacrum (Crypt:3)
  2 swamp dragons (Swamp:3)
  A golden dragon skeleton (Depths:1)
  4 necromancers
  5 deep elf archers
  8 ironbound convokers
  2 lindwurms
  5 obsidian statues
  A harpy (Vaults:1)
  A broodmother zombie (Crypt:2)
  5 starcursed masses
  A mana viper (shapeshifter) (Zig:14)
  4 orange crystal statues
  9 wolf spiders
  22 deep elf pyromancers
  5 orc sorcerers
  3 will-o-the-wisps
  16 deep elf zephyrmancers
  6 shining eyes
  22 moths of wrath
  16 ugly things
  3 manticores
  3 shadow dragon skeletons
  A spectral merfolk (Crypt:3)
  A shining eye (shapeshifter) (Elf:1)
  5 cyclopes
  An oklob plant (Lair:5)
  A spectral ettin (Crypt:3)
  20 large abominations
  A tengu skeleton (Depths:2)
  3 elephants (Lair:3)
  5 toenail golems (Volcano)
  14 demonic crawlers
  7 apocalypse crabs
  A worldbinder (Zig:15)
  A spectral centaur (Crypt:3)
  An eye of devastation (shapeshifter) (Zig:8)
  7 black mambas
  15 vault sentinels
  4 eyes of devastation
  A naga mage (Zig:2)
  6 rust devils
  A torpor snail (shapeshifter) (Zig:10)
  A naga skeleton (Hell)
  7 ice statues
  3 torpor snails
  29 smoke demons
  An alligator snapping turtle skeleton (Pan)
  15 orange demons
  3 centaur skeletons
  A gargoyle (D:11)
  7 cane toads
  6 unseen horrors
  A sea snake zombie (Hell)
  A dire elephant skeleton (Crypt:2)
  5 rime drakes
  2 ice devils
  A yaktaur (shapeshifter) (D:15)
  A spark wasp simulacrum (Depths:1)
  2 swamp worm zombies (Swamp:4)
  A bunyip simulacrum (Crypt:3)
  3 tengu conjurers
  8 freezing wraiths
  12 hellions
  5 komodo dragons
  9 efreet
  10 tormentors
  14 yaktaurs
  A spectral naga (Crypt:3)
  2 red devils
  9 guardian mummies (Tomb:1)
  A meliai (shapeshifter) (Vaults:5)
  A sea snake skeleton (Hell)
  5 bloated husks
  14 hellwings
  A harpy zombie (Hell)
  8 polar bears
  6 trolls
  3 ancient zymes
  A catoblepas skeleton (Crypt:3)
  4 harpy skeletons (Pan)
  5 hydra zombies (Swamp:4)
  Grinder (D:4)
  A queen bee (D:10)
  2 raiju (Abyss:2)
  8 tarantellas
  2 tengu simulacra (Depths:2)
  11 tyrant leeches
  A wind drake (shapeshifter) (D:15)
  4 meliai
  2 spectral harpies (Crypt:3)
  11 hornets
  A spectral swamp dragon (Swamp:4)
  2 dream sheep (shapeshifter)
  21 blink frogs
  6 alligator zombies
  A hydra skeleton (Hell)
  14 dream sheep
  2 snapping turtles (shapeshifter)
  61 slime creatures
  8 culicivoras
  4 air elementals (Elf:1)
  2 shadows
  A stone giant simulacrum (Crypt:3)
  7 jumping spiders
  An alligator skeleton (Hell)
  A vampire (D:11)
  11 wraiths
  24 ynoxinuls
  A wyvern (shapeshifter) (Elf:3)
  55 yaks
  A spriggan (shapeshifter) (D:14)
  10 water elementals
  3 wyverns
  5 humans (D:13)
  7 golden eyes
  3 basilisks
  2 fire elementals
  11 redbacks
  8 chaos spawn
  2 steam dragons (D:9)
  9 vampire mosquitoes
  A sea snake simulacrum (Hell)
  A black mamba skeleton (Abyss:1)
  3 small abominations
  7 swamp worms
  20 neqoxecs
  4 wargs
  An acid dragon (D:11)
  11 water moccasins
  A hydra simulacrum (Hell)
  5 sky beasts
  A swamp drake (Swamp:4)
  2 ice beasts
  15 orc warriors
  A black bear (D:6)
  A swamp dragon zombie (Swamp:4)
  31 wolves
  9 ogres
  A swamp dragon skeleton (Crypt:3)
  12 centaurs
  A lindwurm skeleton (Crypt:2)
  A vine stalker zombie (Crypt:3)
  3 kobold brigands
  13 bullfrogs
  3 earth elementals
  2 scorpions (D:7)
  A cyclops skeleton (Crypt:1)
  11 wights
  21 killer bees
  6 howler monkeys
  An electric eel (D:10)
  Crazy Yiuf (D:5)
  A gnoll bouda (D:7)
  A hound (D:4)
  4 jellies
  A black bear zombie (Crypt:2)
  11 orc priests
  Jessica (D:3)
  2 iguanas
  A sleepcap (D:8)
  Ijyb (D:4)
  A spectral swamp drake (Swamp:4)
  Natasha (thrice) (D:4)
  17 orc wizards
  A hell rat (D:9)
  A killer bee zombie (Crypt:3)
  A boggart simulacrum (D:14)
  8 mummies (Tomb:1)
  A swamp drake zombie (Swamp:4)
  9 gnolls
  7 adders
  2 river rats (D:9)
  A steam dragon skeleton (Crypt:1)
  A shadow imp (D:8)
  2 ufetubi
  3 adder zombies (Ossuary)
  6 worms
  4 dart slugs
  43 orcs
  12 ball pythons
  11 bats
  5 endoplasms
  4 giant cockroaches
  6 hobgoblins
  4 jackals (D:1)
  27 kobolds
  5 quokkas
  3 training dummies (D:4)
  2 ball python skeletons (Ossuary)
  A ball python zombie (D:3)
  6 frilled lizards
  8 goblins
  A hobgoblin zombie (Ossuary)
  A kobold zombie (Ossuary)
  3 orc skeletons
  An orc zombie (Ossuary)
  A quokka skeleton (Crypt:2)
  A quokka zombie (D:3)
  9 rats
  A river rat zombie (Crypt:2)
  A butterfly (Lair:1)
  A creeping inferno (Hell)
  2 fire vortices (Hell)
  6 starspawn tentacles
2389 creatures vanquished.

Vanquished Creatures (collateral kills)
  A dread lich (Zot:5)
  An orb of fire (Zot:2)
  A juggernaut (Zig:12)
  Margery (Vaults:4)
  4 golden dragons
  The ghost of emiel the Shatterer, an adept FoFi of Okawaru (Swamp:3)
  2 doom hounds (Crypt:1)
  2 liches
  2 tentacled monstrosities
  5 titans (Vaults:5)
  9 Orb Guardians (Zot:5)
  2 acid blobs
  A deep elf master archer (Elf:3)
  2 sphinxes
  A death cob (Zot:5)
  An ancient champion (Crypt:2)
  2 tengu reavers (Vaults:5)
  2 draconian monks
  2 shadow dragons (Vaults:5)
  2 storm dragons
  A revenant (Abyss:4)
  3 frost giants
  An azure jelly (Slime:5)
  8 fire giants
  2 draconian knights
  A rockslime (Slime:5)
  7 draconian shifters
  9 vault wardens
  Aizul (Spider:4)
  2 emperor scorpions
  A caustic shrike zombie (Depths:2)
  2 draconian scorchers
  3 deep elf sorcerers
  2 balrugs
  A juggernaut zombie (Depths:2)
  A deep elf elementalist (Elf:3)
  2 ghouls
  A curse skull (Crypt:1)
  4 draconian annihilators
  3 draconian stormcallers
  2 broodmothers
  2 demonspawn blood saints (Pan)
  10 ironbound preservers
  An ophan (Pan)
  9 very ugly things
  2 quicksilver oozes
  A caustic shrike skeleton (Tomb:1)
  2 deep elf demonologists
  7 stone giants
  3 green draconians
  2 vampire knights (Crypt:1)
  2 demonspawn black suns (Pan)
  5 dire elephants
  9 purple draconians
  4 black draconians
  3 red draconians
  3 spark wasps
  4 yellow draconians
  7 white draconians
  A spectral quicksilver dragon (Crypt:3)
  6 deep elf death magi
  An eidolon (Zig:13)
  7 jiangshi
  2 ettins
  3 blizzard demons (Pan)
  A crystal guardian (Vaults:2)
  3 mummy priests (Tomb:1)
  A green death (Pan)
  5 fire dragons
  3 deep elf high priests
  A spectral spriggan (Crypt:3)
  6 great orbs of eyes
  9 yaktaur captains
  3 hydras
  A rakshasa (Depths:2)
  A peacekeeper (Vaults:2)
  28 vault guards
  A ghost crab (Swamp:2)
  4 ice dragons
  A juggernaut simulacrum (Depths:2)
  4 ironbound frosthearts
  An Orb Guardian zombie (Crypt:1)
  A jorogumo (Spider:4)
  A spectral shadow dragon (Crypt:3)
  A boulder beetle (shapeshifter) (Vaults:5)
  3 alligators
  A spriggan air mage (Depths:3)
  A spriggan skeleton (Pan)
  4 centaur warriors (Vaults:4)
  3 ogre magi (Vaults:5)
  3 two-headed ogres
  7 deep troll shamans
  2 tengu warriors (Depths:3)
  A death knight (Crypt:1)
  2 dancing weapons
  A death yak (IceCv)
  4 deep troll earth magi
  3 orc high priests
  A titan zombie (Depths:2)
  5 vampire magi
  Urug (Orc:2)
  4 hell hogs
  A soul eater (Crypt:1)
  3 spriggan berserkers
  5 thrashing horrors
  16 hell knights
  2 deep elf knights (Elf:2)
  9 sun demons
  5 iron trolls
  4 sixfirhies (Pan)
  2 pharaoh ants
  5 flayed ghosts
  6 skeletal warriors
  A ghost moth zombie (Crypt:2)
  4 goliath frogs
  A storm dragon skeleton (Depths:2)
  A death drake (Swamp:4)
  46 deep trolls
  2 spriggan druids (Swamp:4)
  2 bog bodies
  A glowing orange brain (Depths:4)
  An orb spider (Spider:1)
  A swamp dragon (Swamp:1)
  4 orc knights
  4 deep elf pyromancers
  13 ironbound convokers
  A spectral hydra (Swamp:4)
  A golden dragon skeleton (Crypt:3)
  2 deep elf archers (Vaults:5)
  5 lindwurms (Vaults:1)
  4 harpies
  A wolf spider (shapeshifter) (Vaults:5)
  4 wizards
  A mana viper (shapeshifter) (Vaults:5)
  6 phantasmal warriors
  6 necromancers
  6 deep elf zephyrmancers
  8 wolf spiders
  A fire giant zombie (Depths:1)
  A manticore (D:15)
  A cyclops (D:12)
  2 shining eyes
  2 steelbarb worms (Spider:4)
  6 orc sorcerers
  26 ugly things
  10 moths of wrath
  A frost giant skeleton (Depths:2)
  2 rust devils
  12 vault sentinels
  A purple draconian zombie (Crypt:1)
  5 torpor snails
  2 smoke demons
  4 demonic crawlers
  A swamp worm zombie (Swamp:4)
  A komodo dragon (shapeshifter) (Abyss:5)
  An orange demon (Pan)
  2 tengu conjurers
  2 hellions
  A rime drake (IceCv)
  4 freezing wraiths
  15 yaktaurs
  3 guardian mummies (Tomb:1)
  A troll (Zig:12)
  3 hornets
  2 hellwings (Pan)
  A polar bear (IceCv)
  2 tyrant leeches
  A bloated husk (Swamp:4)
  A meliai (Spider:1)
  12 tarantellas
  A hydra zombie (Swamp:4)
  An alligator zombie (Swamp:4)
  17 jumping spiders
  A spectral swamp dragon (Swamp:4)
  A guardian serpent zombie (Crypt:1)
  A spectral black mamba (Crypt:3)
  52 slime creatures
  A shadow (D:12)
  4 spriggans
  8 flying skulls
  11 culicivoras
  3 water elementals
  A vampire (D:14)
  A ynoxinul (Pan)
  3 wraiths (Crypt:1)
  5 yaks (IceCv)
  A fire bat (Abyss:1)
  A chaos spawn (Pan)
  3 golden eyes (Slime:3)
  11 humans (D:13)
  2 vampire mosquitoes
  2 basilisks (Lair:5)
  35 redbacks
  2 swamp worms (Swamp:2)
  A tengu zombie (Depths:1)
  A large abomination (Abyss:4)
  A swamp drake (Swamp:1)
  28 orc warriors
  3 ogres
  A small abomination (Abyss:2)
  5 wolves (IceCv)
  3 phantoms (Swamp:4)
  2 necrophages (Crypt:2)
  A raiju skeleton (Crypt:1)
  An electric eel (Spider:2)
  12 orc priests
  A boggart zombie (Crypt:1)
  16 orc wizards
  A naga zombie (Crypt:2)
  4 mummies (Tomb:1)
  An ufetubus (Vaults:2)
  45 orcs
  A ball python skeleton (Crypt:1)
  A kobold (D:13)
  A kobold skeleton (Crypt:3)
930 creatures vanquished.

Vanquished Creatures (others)
  A doom hound (Hell)
  3 Orb Guardians (Zot:5)
  A deep elf master archer (Elf:3)
  A titan (Vaults:5)
  2 death cobs
  A searing wretch (Hell)
  A quicksilver dragon (Zot:5)
  3 eldritch tentacles
  2 sphinxes
  2 rockslimes
  An azure jelly (Slime:5)
  2 storm dragons (Depths:3)
  A frost giant (Depths:3)
  3 fire giants
  An emperor scorpion (Spider:4)
  A balrug (Zot:1)
  A deep elf sorcerer (Elf:3)
  4 vault wardens
  An orc warlord (Zig:12)
  2 draconian stormcallers (Zot:2)
  A spriggan defender (Depths:3)
  3 ironbound preservers
  A stone giant (Depths:4)
  8 very ugly things
  An ironbound thunderhulk (Vaults:3)
  A vampire knight (Crypt:2)
  A deep elf demonologist (Elf:3)
  3 demonspawn black suns (Pan)
  2 red draconians
  A bunyip (Swamp:2)
  2 black draconians
  A dire elephant (Vaults:2)
  7 yellow draconians
  A white draconian (Zot:2)
  An ettin (Vaults:4)
  2 deep elf death magi (Elf:3)
  2 fire dragons (Zot:1)
  A jiangshi (Crypt:2)
  4 yaktaur captains
  2 deep elf high priests
  2 ice dragons
  A hell beast (Pan)
  An alligator (Swamp:1)
  A deep troll earth mage (Depths:1)
  2 deep troll shamans (Depths:3)
  A tengu warrior (Depths:1)
  4 sun demons (Pan)
  4 hell knights
  A deep elf knight (Elf:1)
  A shadow wraith (Crypt:2)
  2 soul eaters (Pan)
  A skeletal warrior (Crypt:2)
  9 deep trolls
  2 iron trolls
  A flayed ghost (Crypt:1)
  A spriggan druid (Swamp:3)
  2 cherubim (Pan)
  A goliath frog (Swamp:4)
  A glowing orange brain (Depths:4)
  A swamp dragon (Swamp:3)
  2 bog bodies
  2 wizards
  4 deep elf zephyrmancers
  4 necromancers
  An orc knight (Orc:2)
  2 phantasmal warriors
  4 ironbound convokers
  A manticore (D:14)
  9 ugly things
  5 deep elf pyromancers
  6 wolf spiders
  8 moths of wrath
  A torpor snail (Spider:3)
  2 smoke demons
  2 demonic crawlers (Spider:3)
  2 hellions
  A kobold demonologist (D:13)
  A yaktaur (D:13)
  A guardian mummy (Tomb:1)
  7 freezing wraiths
  A tengu conjurer (D:14)
  A polar bear (IceCv)
  An ancient zyme (Abyss:3)
  A meliai (Spider:1)
  2 hellwings
  2 bloated husks (Swamp:4)
  A hornet (Swamp:4)
  4 tarantellas (Spider:1)
  9 slime creatures
  A water elemental (Elf:3)
  A spriggan (Swamp:4)
  A flying skull (Crypt:2)
  2 jumping spiders (Spider:1)
  5 culicivoras
  A fire bat (Abyss:1)
  A yak (IceCv)
  A human (D:13)
  A vampire mosquito (D:14)
  12 redbacks
  A neqoxec (Pan)
  A warg (Orc:2)
  4 chaos spawn
  5 orc warriors
  A wolf (IceCv)
  An ogre (Orc:1)
  3 phantoms (Swamp:4)
  A kobold brigand (D:13)
  Blork the orc (Orc:2)
  2 electric eels (Spider:2)
  An orc priest (Orc:1)
  An orc wizard (D:15)
  A mummy (Tomb:1)
  11 orcs
  A hobgoblin (D:4)
  2 ball lightnings (Pan)
  A demonic plant (Abyss:3)
  4 fire vortices
  10 foxfires
  27 fungi
  A lurking horror (Abyss:4)
  54 plants
  A starspawn tentacle (Abyss:5)
366 creatures vanquished.

Grand Total: 3685 creatures vanquished

Notes
Turn   | Place    | Note
-------+----------+-------------------------------------------
     0 | D:1      | Ge0ff the Deep Elf Fighter began the quest for the Orb.
     0 | D:1      | Reached XP level 1. HP: 13/13 MP: 3/3
   181 | D:1      | Reached skill level 1 in Stealth
   181 | D:1      | Reached XP level 2. HP: 18/18 MP: 4/4
   449 | D:1      | Reached XP level 3. HP: 21/22 MP: 5/5
   728 | D:2      | Found a broken altar of Ashenzari.
   780 | D:2      | Became a worshipper of Ashenzari the Shackled
   995 | D:2      | Found a faded altar of an unknown god.
  1071 | D:2      | Reached skill level 1 in Spellcasting
  1096 | D:2      | Reached XP level 4. HP: 27/27 MP: 6/8
  1456 | D:2      | Found a broken altar of Ashenzari.
  1693 | D:2      | Found a faded altar of an unknown god.
  1854 | D:2      | Learned a level 3 spell: Frozen Ramparts
  2021 | D:3      | Found Otrocyo's Antique Armour Boutique.
  2087 | D:3      | Bought a helmet for 81 gold pieces
  2103 | D:3      | Found a transporter.
  2104 | D:3      | Found a transporter.
  2120 | D:3      | Found an ornate altar of the Wu Jian Council.
  2120 | D:3      | Found a shimmering blue altar of Sif Muna.
  2120 | D:3      | Found a hide-covered altar of Uskayaw.
  2155 | D:3      | Identified the ring of the Butterfly {Str+6 Int+3}
  2193 | D:3      | Found a basalt altar of Yredelemnul.
  2266 | D:3      | Noticed Jessica
  2270 | D:3      | Killed Jessica
  2275 | D:3      | Found a sacrificial altar of Ru.
  2472 | D:3      | Reached skill level 1 in Ice Magic
  2472 | D:3      | Reached XP level 5. HP: 32/32 MP: 10/10
  2809 | D:4      | Noticed a wyvern
  2865 | D:4      | Noticed Natasha
  2879 | D:4      | Killed Natasha
  2921 | D:4      | Noticed an ogre
  2930 | D:4      | Killed an ogre
  2931 | D:4      | Reached XP level 6. HP: 37/37 MP: 8/12
  2987 | D:4      | Reached * piety under Ashenzari
  3029 | D:4      | Noticed Grinder
  3032 | D:5      | Entered Level 5 of the Dungeon
  3040 | D:5      | Noticed a water moccasin
  3052 | D:5      | Killed a water moccasin
  3365 | D:4      | Noticed Ijyb
  3385 | D:4      | Killed Ijyb
  3947 | D:4      | Noticed Natasha
  3957 | D:4      | Reached XP level 7. HP: 41/41 MP: 10/14
  3957 | D:4      | Killed Natasha
  3958 | D:4      | Reached skill level 1 in Evocations
  4139 | D:4      | Noticed Natasha
  4151 | D:4      | Killed Natasha
  4168 | D:4      | Found Qom Gum's Firing Range.
  4190 | D:4      | Reached ** piety under Ashenzari
  4269 | D:4      | Reached skill level 5 in Ice Magic
  4500 | D:4      | Killed a wyvern
  4501 | D:4      | Reached skill level 1 in Dodging
  4791 | D:4      | Found Qom Gum's Firing Range.
  5150 | D:4      | Paralysed by Grinder for 5 turns
  5155 | D:4      | Killed Grinder
  5775 | D:5      | Reached XP level 8. HP: 43/48 MP: 18/18
  6125 | D:5      | Found a runed translucent door.
  6126 | D:5      | Noticed Crazy Yiuf
  6135 | D:5      | Killed Crazy Yiuf
  6239 | D:6      | Learned a level 3 spell: Mephitic Cloud
  6337 | D:6      | Found a sand-covered staircase.
  6339 | D:6      | Identified a scroll of acquirement
  6361 | D:6      | Acquired the +1 pair of gloves of Activism {Dex+4}
  6378 | Ossuary  | Entered an ossuary
  6506 | Ossuary  | Noticed a flying skull
  6520 | Ossuary  | Noticed a flying skull
  6528 | Ossuary  | Noticed a flying skull
  6546 | Ossuary  | Noticed a flying skull
  6622 | Ossuary  | Reached skill level 1 in Conjurations
  6690 | Ossuary  | Reached skill level 1 in Poison Magic
  6725 | Ossuary  | Identified the cursed +1 helmet of Desmomancy {Comp, Fort}
                  | (You bought it in a shop on level 3 of the Dungeon)
  6725 | Ossuary  | Identified the cursed +2 pair of boots "Restrained
                  | Together" {Cun, Elem} (You found it on level 3 of the
                  | Dungeon)
  6750 | Ossuary  | Reached skill level 5 in Spellcasting
  6959 | D:6      | Reached skill level 1 in Air Magic
  7137 | D:6      | Reached *** piety under Ashenzari
  7151 | D:6      | Learned a level 2 spell: Ensorcelled Hibernation
  7197 | D:6      | Found a staircase to the Ecumenical Temple.
  7212 | Temple   | Entered the Ecumenical Temple
  7653 | D:7      | Noticed a hornet
  7677 | D:7      | Paralysed by a hornet for 3 turns
  7682 | D:7      | Killed a hornet
  7683 | D:7      | Reached skill level 1 in Hexes
  7683 | D:7      | Reached XP level 9. HP: 45/54 MP: 18/21
  7898 | D:7      | Reached skill level 5 in Short Blades
  8358 | D:8      | Found a blossoming altar of Fedhas.
  8827 | D:8      | Reached skill level 5 in Hexes
  8876 | D:8      | Reached XP level 10. HP: 52/59 MP: 19/22
  9156 | D:8      | Reached **** piety under Ashenzari
  9596 | D:9      | Noticed a death yak
  9596 | D:9      | Noticed a death yak
  9692 | D:9      | Noticed a death yak
  9724 | D:9      | Killed a death yak
  9725 | D:9      | Reached skill level 5 in Conjurations
  9805 | D:9      | Killed a death yak
  9806 | D:9      | Reached skill level 5 in Fighting
  9929 | D:9      | Found a staircase to the Lair.
 10202 | D:9      | Killed a death yak
 10204 | D:9      | Reached XP level 11. HP: 57/69 MP: 18/27
 10777 | D:10     | Entered Level 10 of the Dungeon
 10824 | D:10     | Noticed Lodul
 10832 | D:10     | Killed Lodul
 11300 | D:10     | Found a staircase to the Orcish Mines.
 11424 | D:10     | Reached ***** piety under Ashenzari
 11732 | D:10     | Learned a level 3 spell: Confusing Touch
 13125 | D:11     | Noticed a cyan ugly thing
 13134 | D:11     | Reached skill level 5 in Stealth
 13134 | D:11     | Killed a cyan ugly thing
 13261 | D:11     | Noticed a boulder beetle
 13284 | D:11     | Killed a boulder beetle
 13285 | D:11     | Reached XP level 12. HP: 46/80 MP: 21/30
 13396 | D:11     | Noticed a two-headed ogre
 13412 | D:11     | Noticed a boulder beetle
 13412 | D:11     | Noticed a boulder beetle
 13422 | D:11     | Killed a two-headed ogre
 13539 | D:11     | Killed a boulder beetle
 13570 | D:11     | Killed a boulder beetle
 14177 | Lair:1   | Entered Level 1 of the Lair of Beasts
 14414 | Lair:1   | Found a runed translucent door.
 14424 | Lair:1   | Noticed Winter's ghost (journeyman MiFi)
 14424 | Lair:1   | Identified the ring "Hiaquomn" {Ice rN++ Int+3 SInv}
 14566 | Lair:1   | Reached skill level 5 in Evocations
 14674 | Lair:1   | Found a broken altar of Ashenzari.
 15196 | Lair:2   | Reached skill level 1 in Throwing
 15221 | Lair:2   | Found a dark tunnel.
 15230 | Volcano  | Entered a volcano
 15250 | Volcano  | Reached skill level 10 in Hexes
 15813 | Lair:2   | Acquired a book of Spectacle
 15820 | Lair:2   | Learned a level 4 spell: Iskenderun's Mystic Blast
 15835 | Lair:2   | Noticed a six-headed hydra
 15849 | Lair:2   | Killed a six-headed hydra
 16006 | Lair:2   | Reached XP level 13. HP: 87/87 MP: 29/31
 16008 | Lair:2   | Reached skill level 1 in Translocations
 16138 | Lair:2   | Reached ****** piety under Ashenzari
 16267 | Lair:2   | Found a staircase to the Swamp.
 16811 | Lair:3   | Found a hole to the Spider Nest.
 17372 | Lair:3   | Learned a level 8 spell: Discord
 17558 | Lair:4   | Learned a level 5 spell: Summon Mana Viper
 17622 | Lair:4   | Found a staircase to the Slime Pits.
 17778 | Lair:4   | Reached skill level 1 in Summonings
 18296 | Lair:5   | Entered Level 5 of the Lair of Beasts
 18296 | Lair:5   | Noticed Nessos
 18297 | Lair:5   | Nessos changed into Nessos the moth of wrath
 18297 | Lair:5   | Noticed Nessos
 18301 | Lair:5   | Killed Nessos the moth of wrath
 18584 | Lair:5   | Reached skill level 5 in Translocations
 18738 | Lair:5   | Reached XP level 14. HP: 96/96 MP: 23/33
 18844 | Lair:5   | Learned a level 5 spell: Yara's Violent Unravelling
 19008 | Lair:5   | Reached skill level 1 in Transmutations
 19400 | Lair:5   | Identified the +4 flail "Jej Ugott" {vamp, rPois SInv}
 19542 | Lair:5   | Reached skill level 10 in Spellcasting
 19903 | Lair:5   | Identified the +0 chain mail of Vexation {rC+ Dex+6}
 20381 | D:5      | Identified the +4 halberd "Xaorar" {protect, Int+2 Dex+4}
 20388 | D:5      | Reached skill level 10 in Fighting
 20395 | D:5      | Reached skill level 15 in Hexes
 20588 | Lair:1   | Killed Winter's ghost
 20611 | Lair:1   | Learned a level 4 spell: Passage of Golubria
 20718 | Orc:1    | Entered Level 1 of the Orcish Mines
 21348 | Orc:2    | Entered Level 2 of the Orcish Mines
 21511 | Orc:2    | Found a staircase to the Elven Halls.
 21961 | Orc:2    | Noticed an orc warlord
 21973 | Orc:2    | Killed Urug
 22081 | Orc:2    | Noticed Blork the orc
 22094 | Orc:2    | Killed Blork the orc
 22258 | Orc:2    | Killed an orc warlord
 22393 | Orc:2    | Found Digo's Antique Armour Boutique.
 22397 | Orc:2    | Found Koff's Antique Weapon Boutique.
 22400 | Orc:2    | Found Eriharet's General Store.
 22459 | Orc:2    | Found Ryh Roirgh's Jewellery Boutique.
 22484 | Orc:2    | Bought a runed helmet for 217 gold pieces
 22484 | Orc:2    | Bought a shiny helmet for 217 gold pieces
 22549 | Orc:2    | Reached skill level 5 in Dodging
 22674 | Orc:2    | Reached XP level 15. HP: 101/101 MP: 32/35
 22881 | Orc:2    | Found Eriharet's General Store.
 22986 | Orc:2    | Found a staircase to the Elven Halls.
 23101 | Orc:2    | Found Koff's Antique Weapon Boutique.
 23111 | Orc:2    | Found Ryh Roirgh's Jewellery Boutique.
 23164 | Orc:2    | Found Digo's Antique Armour Boutique.
 23256 | Orc:2    | Bought a scroll of immolation for 56 gold pieces
 23256 | Orc:2    | Bought a potion of ambrosia for 112 gold pieces
 23363 | D:12     | Found a frozen archway.
 23381 | IceCv    | Entered an ice cave
 24293 | IceCv    | Noticed a frost giant
 24298 | IceCv    | Killed a frost giant
 24316 | IceCv    | Identified the +1 pair of gloves "Puostigg" {Will+}
 24664 | D:12     | Reached skill level 5 in Armour
 26177 | D:13     | Found a gate to the Vaults.
 27974 | D:15     | Entered Level 15 of the Dungeon
 28008 | D:15     | Found a staircase to the Depths.
 28008 | D:15     | Noticed a fire giant
 28014 | D:15     | Killed a fire giant
 28817 | D:15     | Found a shadowy altar of Dithmenos.
 29134 | Swamp:1  | Entered Level 1 of the Swamp
 29151 | Swamp:1  | Reached XP level 16. HP: 76/108 MP: 23/38
 30516 | Orc:2    | Bought a glowing quick blade for 558 gold pieces
 30865 | Swamp:2  | Noticed Louise
 30883 | Swamp:2  | Killed Louise
 30947 | Swamp:2  | Noticed Mlioglotl
 30964 | Swamp:2  | Killed Mlioglotl
 31163 | Swamp:1  | Learned a level 5 spell: Irradiate
 31237 | Swamp:2  | Noticed Nikola
 31710 | Swamp:3  | a fenstrider witch changed into a quicksilver dragon
 31710 | Swamp:3  | Noticed a quicksilver dragon
 31714 | Swamp:3  | Killed a quicksilver dragon
 31798 | Swamp:3  | Found a transporter.
 31799 | Swamp:3  | Noticed emiel's ghost (adept FoFi)
 31799 | Swamp:3  | Identified the ring "Wepol" {Will+ MP+9 Str+3}
 31811 | Swamp:3  | Found a transporter.
 31849 | Swamp:3  | Identified the amulet of Tender Moments {rF- rC+ Regen+
                  | Slay+3}
 31849 | Swamp:3  | Identified the +0 hat of Tenacity {rC+}
 32348 | Swamp:3  | Reached skill level 5 in Transmutations
 32434 | Swamp:3  | Found a runed translucent door.
 33467 | Swamp:3  | Identified the Anthology of the Entourage
 33660 | Swamp:3  | Found a transporter.
 33674 | Swamp:3  | Found a transporter.
 34459 | Swamp:4  | Entered Level 4 of the Swamp
 34651 | Swamp:4  | Acquired the +0 helmet of the Avant Garde God {rF+ Int+5
                  | Dex-5}
 34877 | Swamp:4  | Reached XP level 17. HP: 112/112 MP: 18/40
 35669 | Swamp:4  | Gained mutation: You are weak. (Str -2) [mutagenic glow]
 35670 | Swamp:4  | Lost mutation: You are weak. (Str -2) [potion of mutation]
 35670 | Swamp:4  | Gained mutation: Your body sometimes deteriorates upon
                  | taking damage. [potion of mutation]
 35670 | Swamp:4  | Gained mutation: You are agile. (Dex +4, Str/Int -1)
                  | [potion of mutation]
 35671 | Swamp:4  | Lost mutation: You are agile. (Dex +4, Str/Int -1) [potion
                  | of mutation]
 35671 | Swamp:4  | Lost mutation: Your body sometimes deteriorates upon taking
                  | damage. [potion of mutation]
 35671 | Swamp:4  | Gained mutation: You passively dampen the noise of your
                  | surroundings. [potion of mutation]
 35671 | Swamp:4  | Gained mutation: You have an increased reservoir of magic.
                  | (+10% MP) [potion of mutation]
 35671 | Swamp:4  | Lost mutation: You have an increased reservoir of magic.
                  | (+10% MP) [potion of mutation]
 35671 | Swamp:4  | Gained mutation: Your spells are a little harder to cast,
                  | but a little more powerful. [potion of mutation]
 36671 | Swamp:4  | Noticed a bone dragon
 36703 | Swamp:4  | Killed a bone dragon
 36800 | Swamp:4  | Got a decaying rune of Zot
 36919 | Spider:1 | Entered Level 1 of the Spider Nest
 39464 | Spider:2 | Noticed Frances
 39476 | Spider:2 | Killed Frances
 41827 | Spider:3 | Noticed Arachne
 42603 | Spider:3 | Learned a level 2 spell: Blink
 42630 | Spider:3 | Noticed Agnes
 42638 | Spider:3 | Killed Agnes
 42850 | Spider:3 | Killed Arachne
 42954 | Spider:3 | Identified the staff of air "Weudwi Fevi" {rElec rC+}
 43339 | Spider:3 | Noticed Mara
 43350 | Spider:3 | Noticed Ge0ff's illusion
 43352 | Spider:3 | Killed Mara
 43603 | Spider:3 | Reached XP level 18. HP: 124/124 MP: 26/44
 44296 | Spider:4 | Entered Level 4 of the Spider Nest
 44303 | Spider:4 | Reached skill level 10 in Dodging
 44993 | Spider:4 | Noticed Asterion
 45329 | Spider:4 | Killed Asterion
 45947 | Spider:4 | Killed Aizul
 46628 | Spider:4 | Reached skill level 10 in Conjurations
 46787 | Spider:4 | Got a gossamer rune of Zot
 47015 | Swamp:2  | Killed Nikola
 47016 | Swamp:2  | Reached skill level 10 in Transmutations
 47299 | Elf:1    | Entered Level 1 of the Elven Halls
 47782 | Elf:1    | Paralysed by an air elemental for 1 turns
 47999 | Elf:1    | Identified the +9 mace of Severance {speed, rN+}
 48053 | Elf:1    | Gained mutation: You are frail. (-10% HP) [a shining eye]
 48083 | Elf:1    | Lost mutation: You passively dampen the noise of your
                  | surroundings. [potion of mutation]
 48083 | Elf:1    | Lost mutation: You are frail. (-10% HP) [potion of
                  | mutation]
 48083 | Elf:1    | Lost mutation: Your spells are a little harder to cast, but
                  | a little more powerful. [potion of mutation]
 48083 | Elf:1    | Gained mutation: You expend magic power (3 MP) to
                  | strengthen your wands. [potion of mutation]
 48344 | Elf:1    | Paralysed by an air elemental for 1 turns
 48663 | Elf:1    | Paralysed by an air elemental for 1 turns
 48701 | Elf:1    | Learned a level 7 spell: Enfeeble
 49671 | Elf:1    | Identified the Compilation of the Supportive Barrage
 51223 | Elf:2    | Found a runed translucent gate.
 51224 | Elf:2    | Found a runed translucent gate.
 51383 | Elf:2    | Found a runed translucent gate.
 51918 | Elf:2    | Reached XP level 19. HP: 130/130 MP: 32/44
 53393 | Elf:3    | Entered Level 3 of the Elven Halls
 53629 | Elf:3    | Found Lejis's General Store.
 53816 | Elf:3    | Bought a scroll of butterflies for 68 gold pieces
 53816 | Elf:3    | Bought a potion of ambrosia for 136 gold pieces
 53880 | Elf:3    | Found Zululaz's Neck Hole.
 53914 | Elf:3    | Bought an amulet of guardian spirit for 480 gold pieces
 54241 | Elf:3    | Reached skill level 10 in Armour
 55387 | Elf:3    | Identified the staff of poison "Zedu Yzax" {rPois rC+
                  | Will+++ rCorr Int-5}
 56970 | Elf:3    | Identified the staff of poison "Oronim" {rPois rCorr Int-2
                  | Dex+6}
 57010 | Elf:3    | Identified the staff of fire "Mevo Lokk" {rF+ Str+3 Dex+4}
 57212 | Elf:3    | Found Lejis's General Store.
 57215 | Elf:3    | Found Zululaz's Neck Hole.
 58015 | Swamp:3  | Killed emiel's ghost
 58361 | Vaults:1 | Entered Level 1 of the Vaults
 59065 | Vaults:1 | Identified the +7 halberd of Peril {freeze, *Noise rElec
                  | Int+3}
 59157 | Vaults:1 | Acquired a +4 rapier of speed
 59801 | Vaults:1 | Reached XP level 20. HP: 136/136 MP: 34/43
 59852 | Vaults:1 | Reached skill level 15 in Fighting
 60187 | Vaults:1 | Upgraded the game from 0.30-a0-972-gf3ab3527aa to
                  | 0.30-a0-986-g7f2e898f52
 60265 | Vaults:1 | Learned a level 2 spell: Sublimation of Blood
 60346 | Vaults:1 | Reached skill level 1 in Unarmed Combat
 60852 | Vaults:2 | Reached skill level 1 in Necromancy
 61177 | Vaults:2 | Reached skill level 2 in Unarmed Combat
 61315 | Vaults:2 | Identified the +10 halberd of the Yoke {antimagic, rC+ rN+
                  | Int+3 SInv}
 61814 | Vaults:2 | Reached skill level 15 in Spellcasting
 61966 | Vaults:2 | Reached skill level 3 in Unarmed Combat
 61992 | Vaults:2 | Learned a level 4 spell: Dispel Undead
 62847 | Vaults:2 | Found a staircase to the Crypt.
 62990 | Vaults:2 | Reached skill level 5 in Necromancy
 63482 | Vaults:3 | Noticed Zenata
 63498 | Vaults:3 | Killed Zenata
 63715 | Vaults:3 | Reached skill level 4 in Unarmed Combat
 63808 | Vaults:3 | Noticed Jory
 63935 | Vaults:3 | Found Qemonwae's Antique Armour Shoppe.
 64139 | Vaults:3 | Killed Jory
 64370 | Vaults:3 | Found Tivips Ugous's Assorted Antiques.
 64378 | Vaults:3 | Bought 3 scrolls of blinking for 765 gold pieces
 64378 | Vaults:3 | Bought a scroll of magic mapping for 255 gold pieces
 64378 | Vaults:3 | Bought a scroll of vulnerability for 136 gold pieces
 64707 | Vaults:3 | Killed a golden dragon
 64708 | Vaults:3 | Reached skill level 5 in Unarmed Combat
 64888 | Vaults:3 | Found a gateway to a bazaar.
 64888 | Vaults:3 | Found Ymeby's Distillery.
 64897 | Bazaar   | Entered a bazaar
 64897 | Bazaar   | Found Kucowk's Distillery.
 64897 | Bazaar   | Found Vity's Antique Armour Shoppe.
 64897 | Bazaar   | Found Vell's Assorted Antiques.
 64899 | Bazaar   | Found Foluroch's Distillery.
 64899 | Bazaar   | Found Feametepp's Antique Weapon Shop.
 64934 | Bazaar   | Bought 2 potions of haste for 140 gold pieces
 64934 | Bazaar   | Bought a potion of curing for 21 gold pieces
 64934 | Bazaar   | Bought a potion of haste for 70 gold pieces
 64934 | Bazaar   | Bought a potion of heal wounds for 35 gold pieces
 64934 | Bazaar   | Bought a potion of curing for 21 gold pieces
 64934 | Bazaar   | Bought a potion of ambrosia for 56 gold pieces
 64934 | Bazaar   | Bought a potion of brilliance for 28 gold pieces
 64940 | Bazaar   | Bought a potion of brilliance for 44 gold pieces
 64940 | Bazaar   | Bought a potion of cancellation for 88 gold pieces
 64940 | Bazaar   | Bought a potion of cancellation for 88 gold pieces
 64940 | Bazaar   | Bought a potion of curing for 33 gold pieces
 64948 | Bazaar   | Bought a potion of curing for 84 gold pieces
 64948 | Bazaar   | Bought a scroll of fog for 112 gold pieces
 65194 | Vaults:3 | Reached XP level 21. HP: 144/144 MP: 35/46
 65502 | Vaults:3 | Found Udufil's Antique Armour Boutique.
 65515 | Vaults:3 | Bought the +4 moon troll leather armour {Spirit, Regen++
                  | MP+5} for 1144 gold pieces
 65515 | Vaults:3 | Found the +4 moon troll leather armour {Spirit, Regen++
                  | MP+5}
 65933 | Vaults:4 | Noticed Margery
 66285 | Vaults:4 | Reached skill level 6 in Unarmed Combat
 66966 | Vaults:4 | Killed Margery
 68602 | Crypt:1  | Entered Level 1 of the Crypt
 68602 | Crypt:1  | Noticed Grunn
 68608 | Crypt:1  | Found an ancient bone altar of Kikubaaqudgha.
 68608 | Crypt:1  | Identified the Dissertation on Flesh
 68663 | Crypt:1  | Reached skill level 7 in Unarmed Combat
 69049 | Crypt:1  | Killed Grunn
 69212 | Crypt:1  | Noticed Donald
 69217 | Crypt:1  | Killed Donald
 69310 | Crypt:1  | Identified the +8 dagger of Calculation {drain, rCorr}
 69565 | Crypt:1  | Noticed Bai Suzhen
 69686 | Crypt:1  | Killed Bai Suzhen
 69704 | Crypt:1  | Gained mutation: You sometimes lose your temper in combat.
                  | [mutagenic glow]
 70300 | Crypt:1  | Found an ancient bone altar of Kikubaaqudgha.
 70995 | Crypt:2  | Reached skill level 8 in Unarmed Combat
 71023 | Crypt:2  | Reached XP level 22. HP: 155/155 MP: 45/51
 71850 | Crypt:3  | Entered Level 3 of the Crypt
 72273 | Crypt:3  | Found a staircase to the Tomb.
 72953 | Crypt:3  | Reached skill level 9 in Unarmed Combat
 74305 | Crypt:3  | Learned a level 7 spell: Spellforged Servitor
 74314 | Crypt:3  | Learned a level 6 spell: Iron Shot
 74349 | Crypt:3  | Identified the +8 morningstar "Cookie Cutter" {spect,
                  | *Noise rPois Will+ Int+4}
 74866 | Crypt:3  | Found a staircase to the Tomb.
 75322 | Depths:1 | Entered Level 1 of the Depths
 75398 | Depths:1 | Reached skill level 1 in Earth Magic
 76120 | Depths:1 | Reached skill level 10 in Unarmed Combat
 76623 | Depths:1 | Found a snail-covered altar of Cheibriados.
 76806 | Depths:1 | Found Edghuynk's Armour Emporium.
 76809 | Depths:1 | Found Laoh's Armour Shoppe.
 76809 | Depths:1 | Found Jisuh's Antique Weapon Emporium.
 77037 | Depths:1 | Found Hietahoi's Assorted Antiques.
 77046 | Depths:1 | Bought a scroll of enchant weapon for 330 gold pieces
 77577 | Depths:1 | Found a gateway to Hell.
 77871 | Depths:2 | Reached skill level 5 in Summonings
 78430 | Depths:2 | Found a one-way gate leading to the halls of Pandemonium.
 78432 | Depths:2 | Reached XP level 23. HP: 164/164 MP: 46/55
 79425 | Depths:2 | Reached skill level 5 in Earth Magic
 79836 | Depths:3 | Reached skill level 5 in Shields
 80417 | Depths:3 | Found a one-way gate to the infinite horrors of the Abyss.
 80468 | Depths:3 | Voluntarily entered the Abyss.
 80520 | Abyss:1  | Found an ornate altar of the Wu Jian Council.
 80535 | Abyss:1  | Reached skill level 11 in Unarmed Combat
 80537 | Abyss:1  | Found an ornate altar of the Wu Jian Council.
 80622 | Depths:3 | Escaped the Abyss
 80683 | Depths:1 | Bought a scroll of teleportation for 132 gold pieces
 80683 | Depths:1 | Bought a scroll of enchant armour for 330 gold pieces
 80683 | Depths:1 | Bought a scroll of teleportation for 132 gold pieces
 80903 | Depths:3 | Found a one-way gateway to a ziggurat.
 81662 | Depths:3 | Found a one-way gate to the infinite horrors of the Abyss.
 81727 | Depths:3 | Found a one-way gateway to a ziggurat.
 81910 | Depths:3 | Voluntarily entered the Abyss.
 81910 | Abyss:2  | Found a corrupted altar of Lugonu.
 82055 | Abyss:3  | Found a corrupted altar of Lugonu.
 82099 | Depths:3 | Escaped the Abyss
 82155 | Depths:3 | Voluntarily entered the Abyss.
 82155 | Abyss:3  | Found a corrupted altar of Lugonu.
 82237 | Abyss:3  | Noticed an ancient lich
 82245 | Abyss:3  | Killed an ancient lich
 82302 | Abyss:3  | Found a corrupted altar of Lugonu.
 82313 | Depths:3 | Escaped the Abyss
 82359 | Depths:3 | Voluntarily entered the Abyss.
 82632 | Depths:3 | Escaped the Abyss
 82643 | Depths:3 | Voluntarily entered the Abyss.
 82779 | Abyss:4  | Noticed a dread lich
 82790 | Abyss:4  | Killed a dread lich
 82840 | Abyss:5  | Found a corrupted altar of Lugonu.
 82888 | Abyss:5  | Got an abyssal rune of Zot
 82908 | Depths:3 | Escaped the Abyss
 83001 | Depths:4 | Entered Level 4 of the Depths
 83414 | Depths:4 | Identified the ring "Lafevvek" {rN+ Will++ Str+2 Int+6
                  | Dex+2}
 83433 | Depths:4 | Learned a level 7 spell: Malign Gateway
 83543 | Depths:4 | Found a white marble altar of Elyvilon.
 83632 | Depths:4 | Identified the +10 flail of Building Peril {flame, rPois
                  | rF- Int+2}
 84022 | Depths:4 | Reached skill level 12 in Unarmed Combat
 84127 | Depths:4 | Found a gate to the Realm of Zot.
 84582 | Depths:4 | Found a white marble altar of Elyvilon.
 84917 | Depths:4 | Found a gate to the Realm of Zot.
 85458 | Vaults:5 | Entered Level 5 of the Vaults
 85462 | Vaults:5 | Reached XP level 24. HP: 172/172 MP: 56/56
 85472 | Vaults:5 | Noticed a dread lich
 85477 | Vaults:5 | Identified the +4 war axe of the Spheres {flame, *Corrode
                  | Will+ Dex+6}
 85477 | Vaults:5 | Identified the amulet "Xenloirr" {Spirit rF+ Int+2}
 85480 | Vaults:5 | Killed a dread lich
 85492 | Vaults:5 | Identified the +8 mace of Memalaj {freeze, Int+6}
 85711 | Vaults:5 | Reached skill level 13 in Unarmed Combat
 85742 | Vaults:5 | Identified the +10 rapier "Etsingua" {antimagic, Str+2}
 85894 | Vaults:5 | Got a silver rune of Zot
 86081 | Vaults:5 | Identified the +1 hand axe "Ikiefi" {flame, rN+}
 86305 | Vaults:5 | Noticed an ancient lich
 86311 | Vaults:5 | Killed an ancient lich
 86429 | Vaults:5 | Identified the +2 shortbow of Fiolilyant {elec, rPois Will+
                  | Dex+3}
 86580 | Vaults:5 | Identified Sif Muna's Vellum of Viperous Freezing
 86820 | Vaults:5 | Reached skill level 14 in Unarmed Combat
 86913 | Vaults:5 | Found Lewawu's Distillery.
 86913 | Vaults:5 | Found Mimmeic's Magic Scroll Boutique.
 86932 | Vaults:5 | Found Fuinnoed's Magic Scroll Shop.
 87383 | Vaults:5 | Identified the +8 chain mail of the Salamander {rC+ SInv}
 87738 | Vaults:3 | Bought a potion of curing for 48 gold pieces
 87738 | Vaults:3 | Bought a potion of invisibility for 128 gold pieces
 87738 | Vaults:3 | Bought a potion of heal wounds for 80 gold pieces
 87738 | Vaults:3 | Bought a potion of magic for 128 gold pieces
 87799 | Vaults:5 | Bought a potion of heal wounds for 90 gold pieces
 87799 | Vaults:5 | Bought a potion of curing for 54 gold pieces
 87799 | Vaults:5 | Bought a potion of heal wounds for 90 gold pieces
 87799 | Vaults:5 | Bought a potion of curing for 54 gold pieces
 87806 | Vaults:5 | Bought a scroll of immolation for 72 gold pieces
 87806 | Vaults:5 | Bought a scroll of immolation for 72 gold pieces
 87806 | Vaults:5 | Bought a scroll of butterflies for 72 gold pieces
 87806 | Vaults:5 | Bought a scroll of teleportation for 54 gold pieces
 87806 | Vaults:5 | Bought a scroll of teleportation for 54 gold pieces
 87806 | Vaults:5 | Bought a scroll of teleportation for 54 gold pieces
 87819 | Vaults:5 | Bought a scroll of silence for 171 gold pieces
 87819 | Vaults:5 | Bought a scroll of poison for 72 gold pieces
 87819 | Vaults:5 | Bought a scroll of immolation for 72 gold pieces
 87819 | Vaults:5 | Bought a scroll of teleportation for 54 gold pieces
 88122 | Zot:1    | Entered Level 1 of the Realm of Zot
 88146 | Zot:1    | Gained mutation: You have hidden genetic defects.
                  | [mutagenic glow]
 88234 | Zot:1    | Lost mutation: You sometimes lose your temper in combat.
                  | [potion of mutation]
 88234 | Zot:1    | Lost mutation: You expend magic power (3 MP) to strengthen
                  | your wands. [potion of mutation]
 88234 | Zot:1    | Lost mutation: You have hidden genetic defects. [potion of
                  | mutation]
 88234 | Zot:1    | Gained mutation: Your spells are a little harder to cast,
                  | but a little more powerful. [potion of mutation]
 88234 | Zot:1    | Gained mutation: Your flesh is cold resistant. (rC+)
                  | [potion of mutation]
 88234 | Zot:1    | Gained mutation: You expend magic power (3 MP) to
                  | strengthen your wands. [potion of mutation]
 88619 | Depths:1 | Bought a potion of flight for 132 gold pieces
 88619 | Depths:1 | Bought a potion of might for 176 gold pieces
 88984 | Vaults:3 | Bought a potion of flight for 48 gold pieces
 92360 | Orc:2    | Bought a ring of wizardry for 480 gold pieces
 92856 | Zot:2    | Reached skill level 5 in Air Magic
 92961 | Zot:2    | Reached XP level 25. HP: 166/175 MP: 44/54
 93111 | Zot:2    | Reached skill level 15 in Unarmed Combat
 93111 | Zot:2    | Reached XP level 26. HP: 158/180 MP: 31/54
 93873 | Zot:2    | Found a transporter.
 93876 | Zot:2    | Found a transporter.
 93876 | Zot:2    | Found a transporter.
 93878 | Zot:2    | Found a transporter.
 93896 | Zot:2    | Noticed an orb of fire
 93902 | Zot:2    | Killed an orb of fire
 99386 | Zot:5    | Entered Level 5 of the Realm of Zot
 99997 | Zot:5    | Killed a dread lich
100052 | Zot:5    | Reached skill level 10 in Air Magic
100218 | Zot:4    | Learned a level 9 spell: Chain Lightning
100224 | Zot:5    | Noticed an orb of fire
100239 | Zot:4    | Killed an orb of fire
100401 | Zot:5    | Noticed an ancient lich
100408 | Zot:5    | Killed an ancient lich
100409 | Zot:5    | Reached skill level 10 in Shields
100410 | Zot:5    | Noticed an orb of fire
100599 | Zot:5    | Killed an orb of fire
100853 | Zot:5    | Noticed an ancient lich
100860 | Zot:5    | Killed an ancient lich
100861 | Zot:5    | Reached XP level 27. HP: 188/188 MP: 45/55
100939 | Zot:5    | Reached skill level 15 in Conjurations
101231 | Zot:5    | Noticed an ancient lich
101237 | Zot:5    | Killed an ancient lich
102787 | Zot:5    | Identified the +0 ring mail of the Realm of Zot {rPois
                  | Will+}
103476 | Tomb:1   | Entered Level 1 of the Tomb of the Ancients
104638 | Tomb:1   | Identified the +8 scimitar of Cujap {heavy, *Rage Dex+5}
105636 | Slime:1  | Entered Level 1 of the Pits of Slime
107328 | Slime:3  | Gained mutation: You occasionally lose the ability to read
                  | scrolls when taking damage. [a shining eye]
107329 | Slime:3  | Gained mutation: You occasionally shout uncontrollably at
                  | your foes. [a shining eye]
108936 | Slime:5  | Entered Level 5 of the Pits of Slime
108958 | Slime:5  | Noticed the Royal Jelly
109557 | Slime:5  | Killed the Royal Jelly
109827 | Slime:5  | Identified the +2 spear "Foeheyr" {antimagic, rF+ rCorr
                  | Int+4}
109827 | Slime:5  | Identified the ring "Ceuhen" {Fly rC+ MP+9 Int+6}
109828 | Slime:5  | Identified the +5 whip of Unreason {freeze, rPois rF+++
                  | Will-}
109852 | Slime:5  | Got a slimy rune of Zot
109885 | Slime:5  | Identified the ring of Lyhonufa {rPois Dex+6}
109888 | Slime:5  | Identified the +1 war axe of the Assorted Heavens {drain,
                  | Dex+3}
109907 | Slime:5  | Identified the ring "Modaetiq" {Wiz rCorr}
109919 | Slime:5  | Identified the +0 pearl dragon scales "Nidobb" {*Slow rC++
                  | rN+ Str+2 Int+3}
109920 | Slime:5  | Identified the +0 leather armour "Fasin" {Stlth+}
109933 | Slime:5  | Lost mutation: Your flesh is cold resistant. (rC+) [potion
                  | of mutation]
109933 | Slime:5  | Lost mutation: You expend magic power (3 MP) to strengthen
                  | your wands. [potion of mutation]
109933 | Slime:5  | Lost mutation: You occasionally lose the ability to read
                  | scrolls when taking damage. [potion of mutation]
109933 | Slime:5  | Gained mutation: You possess an exceptional clarity of
                  | mind. [potion of mutation]
110737 | Depths:1 | Bought the +0 mask of the Dragon {Will+ Slay+3 SInv} for
                  | 467 gold pieces
110737 | Depths:1 | Found the +0 mask of the Dragon {Will+ Slay+3 SInv}
110800 | Depths:3 | Voluntarily entered the Abyss.
110811 | Depths:3 | Escaped the Abyss
110813 | Depths:3 | Voluntarily entered the Abyss.
110838 | Depths:3 | Escaped the Abyss
110986 | Depths:3 | Voluntarily entered the Abyss.
110987 | Abyss:5  | Found a corrupted altar of Lugonu.
111030 | Depths:3 | Escaped the Abyss
111079 | Depths:3 | Voluntarily entered the Abyss.
111079 | Abyss:5  | Found a corrupted altar of Lugonu.
111093 | Depths:3 | Escaped the Abyss
111153 | Hell     | Entered the Vestibule of Hell
111153 | Hell     | Noticed Geryon
111157 | Hell     | Killed Geryon
111266 | Hell     | Reached skill level 15 in Air Magic
111953 | Hell     | Found a gateway to the freezing wastes of Cocytus.
112026 | Hell     | Found a gateway to the Iron City of Dis.
112129 | Hell     | Found a gateway to the ashen valley of Gehenna.
112174 | Hell     | Found a gateway to the decaying netherworld of Tartarus.
112222 | Zig:1    | Entered Level 1 of a ziggurat
112323 | Zig:2    | Entered Level 2 of a ziggurat
112326 | Zig:2    | Found the +8 orange crystal plate armour {Archmagi, Int+3
                  | Clar}
112406 | Zig:3    | Entered Level 3 of a ziggurat
112459 | Zig:4    | Entered Level 4 of a ziggurat
112462 | Zig:4    | Identified the staff of earth "Xauqo" {rN+ Int+3 Dex+2}
112559 | Zig:5    | Entered Level 5 of a ziggurat
112564 | Zig:5    | Noticed a juggernaut
112569 | Zig:5    | Killed a juggernaut
112697 | Zig:5    | Reached skill level 16 in Unarmed Combat
112708 | Zig:6    | Entered Level 6 of a ziggurat
112715 | Zig:6    | Identified the staff of fire "Jihucino" {rF+ rC+}
112780 | Zig:7    | Entered Level 7 of a ziggurat
112786 | Zig:7    | Identified the staff of poison "Goifum" {rPois rC+ Int+5}
112786 | Zig:7    | Noticed a dread lich
112789 | Zig:7    | Killed a dread lich
112861 | Zig:8    | Entered Level 8 of a ziggurat
112868 | Zig:8    | Noticed an ancient lich
112870 | Zig:8    | Found the +2 hood of the Assassin {Detect Stab+ Stlth++}
112872 | Zig:8    | Reached skill level 17 in Unarmed Combat
112872 | Zig:8    | Killed an ancient lich
112893 | Zig:9    | Entered Level 9 of a ziggurat
112901 | Zig:9    | Identified the +4 scimitar of Gypn {vamp, rF- Dex+6}
112902 | Zig:9    | Noticed Fenn the pandemonium lord
112904 | Zig:9    | Killed Fenn the pandemonium lord
112906 | Zig:9    | Identified the ring "Boadof" {Fire rN+ Will+}
112922 | Zig:9    | Acquired 838 gold pieces
112978 | Zig:10   | Entered Level 10 of a ziggurat
112986 | Zig:10   | Noticed Diewetay the pandemonium lord
112986 | Zig:10   | Noticed Duclaff the pandemonium lord
112989 | Zig:10   | Killed Diewetay the pandemonium lord
112991 | Zig:10   | Killed Duclaff the pandemonium lord
112992 | Zig:10   | Reached skill level 18 in Unarmed Combat
113001 | Zig:10   | Identified the +3 mace of Koepu {flame, rPois rCorr MP-9}
113164 | Zig:11   | Entered Level 11 of a ziggurat
113169 | Zig:11   | Noticed Xaomutuy the pandemonium lord
113173 | Zig:11   | Killed Xaomutuy the pandemonium lord
113181 | Zig:11   | Identified the +10 quarterstaff of Poajisuth {elec, rElec
                  | rC+ Str-3}
113182 | Zig:11   | Identified the ring of Abled {Will+ Str+6 Int+3}
113184 | Zig:11   | Identified the staff of earth "Jennytyn" {rN+ Dex+3}
113185 | Zig:11   | Identified Renu's Papyrus of Iron Darkness
113323 | Zig:11   | Learned a level 2 spell: Passwall
113349 | Zig:12   | Entered Level 12 of a ziggurat
113357 | Zig:12   | Noticed a juggernaut
113357 | Zig:12   | Noticed a juggernaut
113362 | Zig:12   | Killed a juggernaut
113370 | Zig:12   | Killed a juggernaut
113438 | Zig:12   | Identified the ring of Modaaloa {Fire rN+ Str+3}
113438 | Zig:12   | Found the +8 Vampire's Tooth {megavamp}
113438 | Zig:12   | Identified the staff of fire "Cupagh" {rF+ Dex+7 SInv}
113566 | Zig:13   | Entered Level 13 of a ziggurat
113579 | Zig:13   | Reached skill level 19 in Unarmed Combat
113583 | Zig:13   | Identified the +4 plate armour of Dalemigu {+Inv rF++
                  | Str-2}
113585 | Zig:13   | Identified the staff of fire "Loomodeu" {rF+ MP-9 Str+4}
113600 | Zig:14   | Entered Level 14 of a ziggurat
113611 | Zig:14   | Identified the staff of earth "Saleus" {Stlth+}
113612 | Zig:14   | Noticed a dread lich
113612 | Zig:14   | Identified the ring of Attitude {rPois Will+ Int+2}
113614 | Zig:14   | Killed a dread lich
113615 | Zig:14   | Identified the amulet "Inyenk" {rElec rC+ rN+ Regen+ Int-5}
113615 | Zig:14   | Identified the +7 long sword "Tiownad" {spect, rCorr
                  | Stlth+}
113617 | Zig:14   | Identified the +2 leather armour of Vyofuoh {*Corrode rPois
                  | Will+ Int+4}
113648 | Zig:15   | Entered Level 15 of a ziggurat
113660 | Zig:15   | Reached skill level 20 in Unarmed Combat
113671 | Zig:15   | Found the +3 robe of Clouds {*Thunder rCloud rElec}
113673 | Zig:15   | Identified the +1 broad axe of the World {pain, Str+2}
113691 | Zig:15   | Learned a level 1 spell: Apportation
114138 | Crypt:1  | Learned a level 8 spell: Maxwell's Capacitive Coupling
114447 | Pan      | Entered Pandemonium
114618 | Pan      | Identified the +6 quarterstaff "Monau" {speed, rF+ Str-4
                  | Stlth+}
114664 | Pan      | Entered the realm of Gloorx Vloq.
115031 | Pan      | Reached skill level 21 in Unarmed Combat
115402 | Pan      | Found an exit through the horrors of the Abyss.
115828 | Pan      | Noticed Gloorx Vloq
116116 | Pan      | Killed Gloorx Vloq
116235 | Pan      | Got a dark rune of Zot
116399 | Pan      | Reached skill level 22 in Unarmed Combat
116545 | Pan      | Found an exit through the horrors of the Abyss.
116550 | Pan      | Took an exit into the Abyss.
116550 | Abyss:5  | Escaped into the Abyss
116550 | Abyss:5  | Found a corrupted altar of Lugonu.
116577 | Depths:2 | Escaped the Abyss
116582 | Pan      | Entered Pandemonium
116582 | Pan      | Found a glowing silver altar of Zin.
117179 | Pan      | Found a white marble altar of Elyvilon.
118028 | Pan      | Reached skill level 23 in Unarmed Combat
119331 | Pan      | Identified the ring of Vialinol {Will+ Int-3 Dex+5 Stlth+}
119707 | Pan      | Noticed a seraph
119709 | Pan      | Found a glowing golden altar of the Shining One.
119711 | Pan      | Killed a seraph
119712 | Pan      | Reached skill level 24 in Unarmed Combat
119714 | Pan      | Identified Piugazid's Reference Book on the Impure Barrage
119720 | Pan      | Identified the Exposition on Gathered Translocation
119724 | Pan      | Got a demonic rune of Zot
120112 | Depths:2 | Escaped Pandemonium
120114 | Pan      | Entered Pandemonium
120278 | Pan      | Found an exit through the horrors of the Abyss.
120296 | Pan      | Took an exit into the Abyss.
120296 | Abyss:5  | Escaped into the Abyss
120319 | Depths:2 | Escaped the Abyss
120325 | Pan      | Entered Pandemonium
120330 | Pan      | Found an exit through the horrors of the Abyss.
120404 | Pan      | Noticed Deluw the pandemonium lord
120633 | Pan      | Found a huge runed translucent gate.
120635 | Pan      | Found a huge runed translucent gate.
120636 | Pan      | Found a huge runed translucent gate.
120636 | Pan      | Found a huge runed translucent gate.
120636 | Pan      | Found a huge runed translucent gate.
120636 | Pan      | Found a huge runed translucent gate.
120638 | Pan      | Found a huge runed translucent gate.
120644 | Pan      | Noticed Hyguu the pandemonium lord
120648 | Pan      | Killed Hyguu the pandemonium lord
120716 | Pan      | Noticed Gopeol the pandemonium lord
120732 | Pan      | Reached skill level 25 in Unarmed Combat
120839 | Pan      | Noticed Sypaop the pandemonium lord
120845 | Depths:2 | Escaped Pandemonium
121001 | Pan      | Entered Pandemonium
121006 | Pan      | Found a huge runed translucent gate.
121009 | Pan      | Found a huge runed translucent gate.
121009 | Pan      | Found a huge runed translucent gate.
121010 | Pan      | Found a huge runed translucent gate.
121113 | Pan      | Identified the +2 robe of Meager Knowledge {rC+++ MP+9
                  | Int-4 Dex+4}
121155 | Pan      | Found a huge runed translucent gate.
121155 | Pan      | Found a huge runed translucent gate.
121155 | Pan      | Found a huge runed translucent gate.
121157 | Pan      | Noticed Geingoru the pandemonium lord
121162 | Pan      | Killed Geingoru the pandemonium lord
121278 | Pan      | Entered the realm of Cerebov.
121350 | Pan      | Found an exit through the horrors of the Abyss.
121877 | Pan      | Identified the +9 halberd "Fadas" {distort, rElec rC+}
122025 | Pan      | Identified the +1 shortbow "Qostroofom" {drain, Fly rElec}
122121 | Pan      | Identified the ring of Xom's Fair Game {Str+6 Int+3}
122175 | Pan      | Identified the staff of poison "Rialuiw" {rElec rPois rF+
                  | Will- Dex+4}
122620 | Pan      | Identified the +7 war axe of Doefun {heavy, rPois rF+}
122620 | Pan      | Identified the ring of Fezoffuq {+Blink MP+9}
122777 | Pan      | Identified the staff of earth "Pugus" {Drain Str+5}
122843 | Pan      | Found the +6 sword of Cerebov {flame}
122843 | Pan      | Identified the ring of Votiheba {Wiz rN++}
122843 | Pan      | Noticed Cerebov
122855 | Pan      | Killed Cerebov
122923 | Pan      | Identified the +2 pair of gloves "Muuceeshi" {rF+++ Dex-4
                  | Slay+4 Stlth+}
122924 | Pan      | Identified the Directory of the Hexing Shot
122926 | Pan      | Identified Sif Muna's Anthology of Forms and the Jinx
122930 | Pan      | Got a fiery rune of Zot
122943 | Pan      | Identified the staff of fire "Sawemim" {+Blink rPois rF+
                  | MP-9 Str+6}
123234 | Depths:2 | Escaped Pandemonium
123239 | Pan      | Entered the realm of Lom Lobon.
123239 | Pan      | Entered Pandemonium
123250 | Pan      | Identified the +10 plate armour of the Harp {rF++}
123789 | Pan      | Found an exit through the horrors of the Abyss.
124446 | Pan      | Reached skill level 26 in Unarmed Combat
124603 | Pan      | Noticed Lom Lobon
124607 | Pan      | Killed Lom Lobon
124769 | Pan      | Got a magical rune of Zot
124983 | Pan      | Entered the realm of Mnoleg.
125026 | Pan      | Noticed Mnoleg
125034 | Pan      | Killed Mnoleg
125109 | Pan      | Got a glowing rune of Zot
125162 | Pan      | Found an exit through the horrors of the Abyss.
125167 | Pan      | Took an exit into the Abyss.
125167 | Abyss:5  | Escaped into the Abyss
125183 | Depths:2 | Escaped the Abyss
125220 | Depths:3 | Voluntarily entered the Abyss.
125227 | Abyss:5  | Found a transporter.
125230 | Abyss:5  | Found a corrupted altar of Lugonu.
125230 | Abyss:5  | Found a transporter.
125230 | Abyss:5  | Identified the ring "Berese Uskox" {Str+6 Dex+2}
125253 | Depths:3 | Escaped the Abyss
125266 | Depths:3 | Voluntarily entered the Abyss.
125284 | Depths:3 | Escaped the Abyss
125286 | Depths:3 | Voluntarily entered the Abyss.
125307 | Depths:3 | Escaped the Abyss
125536 | Zot:5    | Got the Orb of Zot
126081 | Zot:5    | Noticed a seraph
126083 | Zot:5    | Killed a seraph
126438 | Zot:5    | Reached skill level 27 in Unarmed Combat
126491 | Zot:5    | Noticed Yraozyi the pandemonium lord
126694 | Depths:4 | Noticed Joezimn Ahobb the pandemonium lord
126697 | Depths:4 | Killed Joezimn Ahobb the pandemonium lord
126828 | D:14     | Reached skill level 10 in Stealth
127067 | D:6      | Noticed Zenack the pandemonium lord
127163 | D:$      | Escaped with the Orb!

Illustrated notes

Levels and vault maps discovered:
D:1:      kennysheep_arrival_seaside, layout_rooms
D:2:      layout_rooms, dreamdust_ecumenical_altar_hidden_monk_grotto,
          basic_altar, minmay_shallow_snake_nest
D:3:      layout_basic, lemuel_zombie_altar_yredelemnul,
          gammafunk_temple_overflow_arena, nicolae_ru_sacrificial_ziggurat,
          serial_shops, nicolae_shop_statue_plus, uniq_jessica
D:4:      layout_basic, roderic_batcave, nicolae_shop_firing_range,
          uniq_grinder, uniq_ijyb, uniq_natasha
D:5:      cheibrodos_iron_armory, layout_basic, uniq_crazy_yiuf_cottage
D:6:      layout_basic, minmay_temple_entry_overgrown,
          lightli_ossuary_entry_decrepit_ruins
D:7:      layout_rooms, kennysheep_generic_room_10
D:8:      layout_loops_corners, fedhas_altar_3, amcnicky_mini_pool_small,
          minivault_10, hangedman_abyss_or_decor_passed
D:9:      layout_basic, dpeg_lair_monsters
D:10:     layout_basic, david_orc_1_choice, hive_lemuel, uniq_lodul
D:11:     minmay_s_stair_smasher, layout_gridville
D:12:     layout_basic, portal_ice_cave_rime
D:13:     layout_basic, grunt_vaults_entry_tiered, minmay_fountain_box
D:14:     minmay_goldmine, layout_basic, serial_bayou_pond_b
D:15:     grunt_enter_depths_giant_problem, layout_basic,
          grunt_dithmenos_smoke_and_mirrors
Temple:   eino_temple_rhombus
Lair:1:   layout_roguey, ebering_ghost_reflecting_pool, lemuel_centaur_altar,
          serial_bayou_shore_a, infiniplex_staircase_pool, grunt_megastairs_2,
          lemuel_fruit_fields
Lair:2:   layout_chaotic_city, swamp_mist, nicolae_volcano_entry_lava_flow
Lair:3:   layout_chaotic_city, nicolae_spider_entry_orb_guardian,
          grunt_forest_small_clearings
Lair:4:   layout_regular_city, minmay_slime_entry_pillars, columned_hall_lemuel
Lair:5:   evilmike_catoblepas_cave, layout_regular_city, uniq_nessos
Swamp:1:  layout_falls_marsh, nicolae_swamp_little_swirl,
          nicolae_swamp_super_fun_site
Swamp:2:  layout_falls_marsh, evilmike_swamp_ruin_rubble_1, swamp_pool1,
          uniq_mlioglotl, uniq_nikola, uniq_louise
Swamp:3:  gammafunk_mikee_crab_dinner, layout_basic_swamp,
          gammafunk_ghost_berserking_beasts, evilmike_swamp_ruin_house_4,
          swamp_pool1, nicolae_swamp_stair_fork
Swamp:4:  swamp_pestilence, layout_basic_swamp
Spider:1: layout_spider_delve
Spider:2: layout_cave_pods, nicolae_spider_bzzzt, uniq_frances
Spider:3: layout_spider_delve, worms_lemuel, uniq_agnes, uniq_arachne, uniq_mara
Spider:4: grunt_spider_rune_circles, nicolae_spider_nooks_and_crannies,
          uniq_asterion, uniq_aizul
Slime:1:  layout_caves
Slime:2:  layout_caves
Slime:3:  layout_caves
Slime:4:  layout_caves, nicolae_slime_phagocytosis
Slime:5
Orc:1:    layout_caves, basic_altar, nicolae_orc_bridge_out
Orc:2:    grunt_orc_cross, layout_diamond_mine
Elf:1:    minmay_the_grid_net [minmay_the_grid_stretched_grid,
          minmay_the_grid_medium_cups, minmay_the_grid_dragon_a,
          minmay_the_grid_spikes, minmay_the_grid_spin_star,
          minmay_the_grid_prize_four_corners], layout_loops_corners,
          minmay_elf_sorcery
Elf:2:    elven_hall_of_blades_hangedman_original
          [nicolae_blade_entry_antechamber], layout_loops_cross
Elf:3:    nooodl_elf_gasket, layout_rooms, serial_shops, shop,
          nicolae_shop_sticking_my_neck_out
Vaults:1: serial_ice_g, hangedman_vaults_nails,
          nicolae_vaults_network_periphery, vaults_room_pool,
          nicolae_vaults_border_crossing, vaults_mumra_chevron,
          ontoclasm_vaults_gallery, vaults_room_hallway,
          nicolae_vaults_mini_display_case, nicolae_vaults_little_squares_3,
          vaults_dpeg_encased_lava, layout_vaults_omnicross
Vaults:2: vaults_dpeg_cross, vaults_room_boxed, hangedman_vaults_restitches,
          ontoclasm_vaults_fault, hangedman_vaults_river_flow, v_misc_18,
          vaults_room_fours, st_squares, v_misc_11, vaults_room_pool,
          vaults_room_stairs_pillars, v_misc_14,
          minmay_crypt_entry_simple_statues, serial_ice_g, layout_vaults_omnibox
Vaults:3: hangedman_vaults_capsules, grunt_vaults_hallway_short, v_misc_17,
          st_diamondy, vaults_standard_mumra_lines, nicolae_vaults_rhombus_5,
          vaults_room_fours, v_rooms_2, v_misc_12, v_misc_10,
          nicolae_vaults_theta, v_misc_23, grunt_vaults_diagonal,
          grunt_vaults_focal, layout_vaults_maze, serial_shops, bzr_entry_water,
          shop, nicolae_shop_overgrown_old_shop, shop, nicolae_shop_trees,
          uniq_jory, uniq_zenata
Vaults:4: nicolae_vaults_three_branches, vaults_room_fours,
          nicolae_vaults_branching_niches, nicolae_vaults_inception_statues,
          vaults_mumra_hex, vaults_standard_mumra_x, vaults_room_door_ring,
          ontoclasm_vaults_idyll, nicolae_vaults_alarming,
          layout_vaults_omnigrid, uniq_margery
Vaults:5
Crypt:1:  cheibrodos_crypt_down_in_the_bonehoard, layout_rooms, uniq_bai_suzhen,
          uniq_grunn, uniq_donald
Crypt:2:  layout_misc_corridors
Crypt:3:  due_elkab, layout_chaotic_city
Tomb:1
Depths:1: layout_gridlike, hell_entry, cheibriados_altar_1,
          serial_bayou_shore_b, kennysheep_cross_landing, serial_bayou_shore_b,
          minmay_shoptagon
Depths:2: nicolae_cairo_tiling_large, layout_gridville,
          hangedman_decor_diamond_cutter, pf_coc_iceberg, pan_entry
Depths:3: grunt_house_of_mirrors, layout_cave_pools, enter_ziggurat_b,
          hell_entry, abyss_entry, minmay_misc_feat_pillars,
          infiniplex_staircase_diamond
Depths:4: grunt_zot_entry_bicorn, layout_gridlike, grunt_hell_entry_dis_old,
          hangedman_glass_teeth, elyvilon_altar_3, serial_bayou_shore_b
Hell
Zot:1:    minmay_elemental_castle, layout_twisted_circle
Zot:2:    kennysheep_ambush_hall, layout_gridlike, nicolae_diode_intersection
Zot:3:    layout_concentric_octagons, hangedman_hellfire_club,
          grunt_megastairs_5
Zot:4:    layout_concentric_octagons
Zot:5:    layout_twisted_circle

Skill      XL: |  1  2  3  4  5  6  7  8  9 10 11 12 13 14 15 16 17 18 19 20 21 22 23 24 25 26 27 |
---------------+----------------------------------------------------------------------------------+-----
Stealth        | 1 2 3 5 7 8 9 10 | 10.4
Short Blades   | 3 4 5 6 7 9 |  9.2
Spellcasting   | 1 2 3 4 5 7 9 10 12 13 14 16 18 20 21 22 | 22.1
Fighting       | 3 6 7 8 9 10 11 12 14 15 16 17 | 17.8
Ice Magic      | 1 2 4 5 6 7 8 |  8.5
Evocations     | 2 3 4 6 7 8 |  8.3
Dodging        | 1 2 3 4 5 7 8 9 10 | 10.4
Armour         | 3 4 6 7 9 11 12 | 12.3
Shields        | 3 4 5 8 10 | 10.3
Conjurations   | 2 3 5 7 8 9 10 11 14 19 | 19.7
Poison Magic   | 2 |  2.7
Air Magic      | 1 3 5 10 17 | 17.5
Hexes          | 1 5 8 9 10 12 16 17 19 20 21 | 21.7
Throwing       | 3 |  3.7
Translocations | 5 6 7 |  7.3
Summonings     | 2 5 6 8 |  8.4
Transmutations | 1 2 7 8 11 12 13 14 | 14.3
Unarmed Combat | 5 8 10 12 14 15 27 | 27.0
Necromancy     | 7 8 9 |  9.8
Earth Magic    | 4 6 |  6.7

Action                     |  1- 3 |  4- 6 |  7- 9 | 10-12 | 13-15 | 16-18 | 19-21 | 22-24 | 25-27 || total
---------------------------+-------+-------+-------+-------+-------+-------+-------+-------+-------++-------
  Melee: Rapier            |   138 |   185 |   228 |   408 |   632 |   375 |   345 |   343 |   216 ||  2870
         Unarmed           |       |       |    13 |       |       |       |       |       |       ||    13
  Throw: Dart              |       |       |     5 |     1 |     2 |     7 |     4 |       |       ||    19
         Throwing net      |       |       |     2 |       |       |       |       |       |       ||     2
         Boomerang         |       |       |     7 |    51 |   181 |    74 |    43 |     1 |       ||   357
   Cast: Frozen Ramparts   |       |     9 |    38 |    57 |    41 |       |       |       |       ||   145
         Mephitic Cloud    |       |       |       |    41 |    37 |    21 |     4 |       |       ||   103
         Confusing Touch   |       |       |       |     9 |    12 |    22 |       |       |       ||    43
         Ensorcelled Hiber |       |       |       |     7 |    85 |    66 |       |       |       ||   158
         Iskenderun's Myst |       |       |       |     3 |    18 |    76 |    67 |   107 |    44 ||   315
         Discord           |       |       |       |       |    60 |   147 |   137 |   182 |   148 ||   674
         Yara's Violent Un |       |       |       |       |     9 |    61 |    85 |    70 |   164 ||   389
         Summon Mana Viper |       |       |       |       |     1 |     4 |     1 |       |     2 ||     8
         Irradiate         |       |       |       |       |       |   202 |   159 |   146 |   123 ||   630
         Enfeeble          |       |       |       |       |       |    14 |   106 |   125 |   230 ||   475
         Sublimation of Bl |       |       |       |       |       |       |    32 |    87 |   491 ||   610
         Dispel Undead     |       |       |       |       |       |       |    43 |   158 |    11 ||   212
         Blink             |       |       |       |       |       |       |     1 |     3 |     3 ||     7
         Iron Shot         |       |       |       |       |       |       |       |     2 |    10 ||    12
         Spellforged Servi |       |       |       |       |       |       |       |     1 |       ||     1
         Malign Gateway    |       |       |       |       |       |       |       |     1 |     2 ||     3
         Chain Lightning   |       |       |       |       |       |       |       |       |   782 ||   782
         Maxwell's Capacit |       |       |       |       |       |       |       |       |    36 ||    36
         Apportation       |       |       |       |       |       |       |       |       |    17 ||    17
         Passwall          |       |       |       |       |       |       |       |       |    15 ||    15
         Passage of Golubr |       |       |       |       |       |       |       |       |     4 ||     4
 Invoke: Curse Item        |       |     2 |     3 |     4 |     4 |     3 |     7 |     4 |     3 ||    30
         Shatter the Chain |       |       |       |       |     3 |     5 |     5 |     4 |     2 ||    19
  Evoke: Wand              |       |       |     8 |    14 |     7 |    54 |     5 |     5 |     9 ||   102
         Lightning rod     |       |       |       |     6 |     8 |     4 |     7 |       |       ||    25
         Phial of floods   |       |       |       |       |       |     5 |     4 |       |       ||     9
         Condenser vane    |       |       |       |       |       |     4 |     5 |     2 |     4 ||    15
         Box of beasts     |       |       |       |       |       |     2 |     2 |       |       ||     4
         Tin of tremorston |       |       |       |       |       |     2 |     3 |       |       ||     5
    Use: Potion            |     1 |     3 |     2 |     1 |     2 |     5 |     4 |    11 |    40 ||    69
         Scroll            |       |     3 |     5 |     4 |     4 |    15 |    19 |    20 |    25 ||    95
   Stab: Invisible         |       |       |     1 |       |     1 |     1 |    32 |    48 |    34 ||   117
         Held in net/web   |       |       |     1 |       |       |       |       |       |       ||     1
         Sleeping          |       |       |     4 |    12 |    76 |    54 |    27 |    20 |     9 ||   202
         Confused          |       |       |       |    28 |    48 |    26 |       |       |       ||   102
         Distracted        |       |       |       |       |     1 |     1 |       |     1 |       ||     3
         Paralysed         |       |       |       |       |       |     3 |       |       |       ||     3
 Armour: Scale mail        |    54 |    49 |    25 |    32 |       |       |       |       |       ||   160
         Skin              |       |       |     8 |       |       |       |       |       |       ||     8
         Steam dragon scal |       |       |       |    53 |    65 |    45 |       |       |       ||   163
         Leather armour    |       |       |       |       |       |   103 |    16 |       |       ||   119
         Troll leather arm |       |       |       |       |       |       |    63 |   170 |   188 ||   421
  Dodge: Dodged            |    51 |    76 |    91 |   192 |   242 |   367 |   249 |   326 |   207 ||  1801
  Block: Buckler           |    32 |    90 |   100 |   188 |   232 |   239 |    82 |    86 |       ||  1049
         Reflection        |       |     5 |     2 |    16 |     4 |     5 |    15 |     8 |    31 ||    86
         Kite shield       |       |       |       |       |       |       |       |   142 |   290 ||   432

Table legend: (Time is in decaauts)
 A = Elapsed time spent in this place.
 B = Non-inter-level travel time spent in this place.
 C = Inter-level travel time spent in this place.
 D = Time resting spent in this place.
 E = Time spent auto-exploring this place.
 F = Levels seen in this place.
 G = Mean time per level.
                   A        B        C        D        E       F      G
               +--------+--------+--------+--------+--------+-----+--------+
         Total | 126773 | 114004 |  12769 |  18345 |  68416 | 114 | 1112.0 |
       Dungeon |  21374 |  16968 |   4406 |   1636 |  10552 |  15 | 1424.9 |
        Temple |    202 |    183 |     19 |      0 |    171 |   1 |  202.0 |
          Lair |   6947 |   5903 |   1044 |    230 |   4204 |   5 | 1389.4 |
         Swamp |   8062 |   7288 |    774 |   1389 |   4165 |   4 | 2015.5 |
   Spider Nest |   9436 |   9106 |    330 |   1546 |   6311 |   4 | 2359.0 |
    Slime Pits |   4646 |   4376 |    270 |    622 |   3136 |   5 |  929.2 |
  Orcish Mines |   2934 |   2498 |    436 |    355 |   1600 |   2 | 1467.0 |
   Elven Halls |  10520 |  10048 |    472 |   2532 |   5946 |   3 | 3506.7 |
        Vaults |  13637 |  11832 |   1805 |   1772 |   7378 |   5 | 2727.4 |
         Crypt |   6847 |   6357 |    490 |   1113 |   3791 |   3 | 2282.3 |
          Tomb |   1787 |   1671 |    116 |    409 |    787 |   1 | 1787.0 |
        Depths |  10669 |   9028 |   1641 |   1035 |   6492 |   4 | 2667.2 |
          Hell |    662 |    656 |      6 |      0 |    566 |   1 |  662.0 |
           Zot |  14010 |  13055 |    955 |   2840 |   7479 |   5 | 2802.0 |
         Abyss |   1246 |   1246 |      0 |    261 |      0 |  19 |   65.6 |
   Pandemonium |  10380 |  10380 |      0 |   2077 |   4403 |  18 |  576.7 |
      Ziggurat |   1438 |   1438 |      0 |     47 |    934 |  15 |   95.9 |
        Bazaar |     59 |     59 |      0 |      0 |     16 |   1 |   59.0 |
       Ossuary |    451 |    451 |      0 |    114 |     31 |   1 |  451.0 |
      Ice Cave |   1011 |   1011 |      0 |    233 |    451 |   1 | 1011.0 |
       Volcano |    444 |    444 |      0 |    133 |      0 |   1 |  444.0 |
               +--------+--------+--------+--------+--------+-----+--------+

Top non-repeatable levels by time:
   Zot:5: 4241 daAuts
   Elf:1: 3649 daAuts
   Elf:3: 3512 daAuts
   Elf:2: 3358 daAuts
 Crypt:3: 3274 daAuts
Vaults:1: 3250 daAuts
Vaults:2: 3149 daAuts
Depths:3: 3070 daAuts
Spider:2: 3065 daAuts
Vaults:4: 3000 daAuts
 Swamp:3: 2841 daAuts
   Zot:3: 2737 daAuts
Depths:1: 2669 daAuts
     D:4: 2570 daAuts
   Zot:4: 2538 daAuts
